 Dungeon Crawl Stone Soup version 0.31-a0-1057-g70f3316b05 (webtiles) character file.

Game seed: 414116737105873907

1561874 EnegeticOcto the Summoner (level 25, 133/133 HPs)
             Began as a Felid Chaos Knight on Nov 19, 2023.
             Was a Favourite Plaything of Xom.
             Escaped with the Orb
             ... and 3 runes on Nov 20, 2023!
             The game lasted 03:21:17 (76626 turns).

EnegeticOcto the Summoner (Felid Chaos Knight)     Turns: 76626, Time: 03:21:18

Health: 133/133    AC: 29    Str:  9    XL:     25   Next: 54%
Magic:  31/42      EV: 42    Int: 19    God:    Xom [...*..]
Gold:   4807       SH:  0    Dex: 29    Spells: 7/53 levels left
                                        Lives:  1   Deaths: 7

rFire   + .          .
                       - Unarmed
rCold   + . .        (shield unavailable)
rNeg    + . .        (body armour unavailable)
rPois   ∞            (helmet unavailable)
rElec   +            (cloak unavailable)
rCorr   .            (gloves unavailable)
SInv    +            (boots unavailable)
Will    +++..        V - amulet of regeneration
Stlth   +++          N - +4 ring of protection
HPRegen 1.22/turn    U - +5 ring of evasion
MPRegen 0.28/turn

%: no passive effects
@: statue-form, studying 2 skills, very slow
A: slow and powerful, torment resistance 1, boosted hp, very small, claws 1,
fangs 3, see invisible, (speed 1), (shaggy fur 3), stealthy paws, no weapons or
thrown items, no armour, multi-lived, (iridescent scales 1), agile 1, clever 2,
cold resistance 1, fire resistance 1, poison resistance, electricity resistance,
strong 1, evolution 1, MP-powered wands
0: Orb of Zot
}: 3/15 runes: barnacled, silver, gossamer
a: Begin Untransformation, Renounce Religion


You escaped.
You worshipped Xom.
You were a favourite toy of Xom.
You were a living statue of rough stone.
You visited 10 branches of the dungeon, and saw 50 of its levels.
You also visited: Trove and Ossuary.

You collected 9682 gold pieces.
You spent 4875 gold pieces at shops.

Inventory:

Jewellery
 j - the ring "Ufuerhie" {Will+ rCorr Int+2}
   (You acquired it on level 3 of the Spider Nest)

   [ring of resist corrosion]

   Int+2:     It affects your intelligence (+2).
   Will+:     It increases your willpower.
   rCorr:     It protects you from acid and corrosion.
 l - the amulet of Goedym {Harm rF++ Regen+ Dex-2}
   (You found it on level 3 of the Dungeon)

   [amulet of regeneration]

   Dex-2:     It affects your dexterity (-2).
   rF++:      It greatly protects you from fire.
   Regen+:    It increases your rate of health regeneration.
   Harm:      It increases damage dealt and taken.
 A - the amulet "Zaxoluaz" {Reflect Rampage *Slow Dex+8 SH+5}
   (You found it on level 8 of the Dungeon)

   [amulet of reflection]

   Reflect:   It reflects blocked missile attacks.
   Dex+8:     It affects your dexterity (+8).
   *Slow:     It may slow you when you take damage.
   SH+5:      It affects your SH (+5).
   Rampage:   It bestows one free step when moving towards enemies.
 K - a ring of protection from fire
   (You bought it in a shop on level 2 of the Orcish Mines)
 L - the ring of the Mage {Wiz Archmagi}
   (You took it off a deep elf annihilator on level 3 of the Elven Halls)

   [ring of wizardry]

   Wiz:       It improves your spell success rate.
   Archmagi:  It increases the power of your magical spells.
 N - a +4 ring of protection (left paw)
   (You found it on level 11 of the Dungeon)
 U - a +5 ring of evasion (right paw)
   (You took it off a tengu reaver on level 3 of the Depths)
 V - an amulet of regeneration (around neck)
   (You bought it in a shop on level 2 of the Orcish Mines)
 W - the ring of Dawn {Ice Str+3}
   (You found it on level 2 of the Crypt)

   [ring of ice]

   Ice:       It enhances your ice magic.
   Str+3:     It affects your strength (+3).
   rF-:       It makes you vulnerable to fire.
   rC+:       It protects you from cold.
 X - the ring "Nixyelyd" {+Blink rF+ rN+}
   (You took it off a skeletal warrior on level 3 of the Crypt)

   [ring of positive energy]

   rF+:       It protects you from fire.
   rN+:       It protects you from negative energy.
   +Blink:    It lets you blink.
 Y - the ring of the Harvest {*Slow rC+ rN+ rCorr Dex+4}
   (You found it on level 3 of the Crypt)

   [ring of positive energy]

   Dex+4:     It affects your dexterity (+4).
   rC+:       It protects you from cold.
   rN+:       It protects you from negative energy.
   rCorr:     It protects you from acid and corrosion.
   *Slow:     It may slow you when you take damage.
Talismans
 h - a granite talisman (active)
   (You took it off Roxanne on level 1 of the Shoals)
Wands
 w - a wand of light (28) {@v1}
   (You found it on level 14 of the Dungeon)
 D - a wand of charming (4)
   (You found it on level 10 of the Dungeon)
 F - a wand of digging (18) {@v3}
   (You found it on level 4 of the Lair of Beasts)
 H - a wand of flame (98) {@v4}
   (You found it on level 10 of the Dungeon)
 M - a wand of iceblast (41) {@v2}
   (You took it off Urug on level 11 of the Dungeon)
 R - a wand of mindburst (14)
   (You found it on level 3 of the Elven Halls)
Scrolls
 a - 4 scrolls of butterflies
 b - a scroll of revelation {@r5 !r}
 f - 5 scrolls of fear {!r}
 g - 10 scrolls of fog {!r}
 q - 4 scrolls of torment
 s - 3 scrolls of blinking {@r4}
 u - 17 scrolls of teleportation {@r3 !r}
 x - 8 scrolls of vulnerability
 B - 3 scrolls of amnesia
 G - 2 scrolls of silence {!r}
 S - 5 scrolls of poison
 T - 6 scrolls of immolation
Potions
 c - 2 potions of berserk rage
 d - 8 potions of lignification {@q6}
 e - 17 potions of enlightenment
 i - 7 potions of brilliance
 k - 2 potions of attraction
 n - 7 potions of magic
 o - 20 potions of curing {@q1 !q}
 p - 13 potions of might {@q3 !q}
 r - 9 potions of mutation
 t - 6 potions of ambrosia
 v - 3 potions of resistance
 C - 2 potions of haste {@q4 !q}
 I - 5 potions of heal wounds {@q2 !q}
 P - a potion of invisibility
 Q - 7 potions of cancellation
Miscellaneous
 y - a lightning rod (4/4)
   (You found it on level 4 of the Spider Nest)
 z - a phantom mirror
   (You found it on level 4 of the Shoals)
 E - a phial of floods
   (You found it on level 10 of the Dungeon)
 J - a sack of spiders
   (You found it on level 3 of the Lair of Beasts)
 O - a condenser vane (inert)
   (You found it on level 11 of the Dungeon)


   Skills:
 - Level 14.9 Fighting
 - Level 14.9 Dodging
 - Level 14.9 Stealth
 - Level 14.9 Unarmed Combat
 - Level 14.9 Spellcasting
 - Level 14.9 Conjurations
 - Level 14.9 Hexes
 - Level 14.9 Summonings
 - Level 14.9 Translocations
 - Level 14.9 Transmutations
 + Level 13.7 Ice Magic
 - Level 6.9 Air Magic
 - Level 14.9 Evocations
 - Level 14.9 Shapeshifting


You had 7 spell levels left.
You knew the following spells:

 Your Spells              Type           Power      Damage    Failure   Level
a - Lesser Beckoning      Tloc           100%       N/A       0%          2
b - Summon Mana Viper     Hex/Summ       63%        N/A       1%          5
c - Manifold Assault      Tloc           63%        N/A       1%          4
d - Vhi's Electric Charg  Tloc/Air       100%       N/A       1%          4
e - Confusing Touch       Hex            63%        N/A       1%          3
f - Dispersal             Tloc           31%        N/A       1%          6
g - Silence               Hex/Air        27%        N/A       1%          5
h - Cause Fear            Hex            31%        N/A       1%          4
i - Apportation           Tloc           100%       N/A       0%          1
j - Ozocubu's Armour      Ice            60%        N/A       1%          3
p - Passwall              Tmut/Erth      35%        N/A       1%          2
z - Irradiate             Conj/Tmut      31%        3d22      1%          5
Y - Blink                 Tloc           100%       N/A       0%          2

Your spell library contained the following spells:

 Spells                   Type           Power      Damage    Failure   Level
 Freeze                   Ice            100%       1d10      0%          1
 Magic Dart               Conj           100%       1d8       0%          1
 Slow                     Hex            100%       N/A       0%          1
 Jinxbite                 Hex            100%       N/A       0%          2
 Momentum Strike          Conj/Tloc      100%       3d10      0%          2
 Searing Ray              Conj           100%       2d8       0%          2
 Wereblood                Tmut           63%        N/A       0%          2
 Foxfire                  Conj/Fire      100%       2x1d9     1%          1
 Kiss of Death            Conj/Necr      100%       2d13      1%          1
 Sting                    Tmut/Pois      100%       1d8       1%          1
 Ensorcelled Hibernation  Hex/Ice        100%       N/A       1%          2
 Poisonous Vapours        Pois/Air       54%        N/A       1%          2
 Dazzling Flash           Conj/Hex       100%       N/A       1%          3
 Frozen Ramparts          Ice            100%       1d16      1%          3
 Gell's Gravitas          Tloc           63%        N/A       1%          3
 Hailstorm                Conj/Ice       62%        3d13      1%          3
 Inner Flame              Hex/Fire       42%        N/A       1%          3
 Mephitic Cloud           Conj/Pois/Air  41%        N/A       1%          3
 Sigil of Binding         Hex            63%        N/A       1%          3
 Stone Arrow              Conj/Erth      84%        3d12      1%          3
 Teleport Other           Tloc           63%        N/A       1%          3
 Tukima's Dance           Hex            63%        N/A       1%          3
 Volatile Blastmotes      Fire/Tloc      84%        2d17      1%          3
 Anguish                  Hex/Necr       21%        N/A       1%          4
 Brom's Barrelling Bould  Conj/Erth      42%        2d6       1%          4
 Flame Wave               Conj/Fire      42%        2d11      1%          4
 Fulminant Prism          Conj/Hex       31%        3d16      1%          4
 Iskenderun's Mystic Bla  Conj/Tloc      63%        2d13      1%          4
 Leda's Liquefaction      Hex/Erth       21%        N/A       1%          4
 Passage of Golubria      Tloc           63%        N/A       1%          4
 Sticky Flame             Conj/Fire      42%        2d6       1%          4
 Summon Ice Beast         Ice/Summ       62%        N/A       1%          4
 Arcjolt                  Conj/Air       27%        1d37      1%          5
 Freezing Cloud           Conj/Ice/Air   28%        6-21      1%          5
 Iskenderun's Battlesphe  Conj           63%        2d11      1%          5
 Metabolic Englaciation   Hex/Ice        31%        N/A       1%          5
 Summon Forest            Summ/Tloc      31%        N/A       1%          5
 Yara's Violent Unravell  Hex/Tmut       31%        3d13      1%          5
 Summon Cactus Giant      Summ           31%        N/A       1%          6
 Cigotuvi's Dreadful Rot  Necr/Pois/Air  46%        N/A       2%          2
 Airstrike                Air            20%        2d(3-19)  2%          4
 Necrotise                Necr           56%        1d6       4%          1
 Alistair's Intoxication  Tmut/Pois      28%        N/A       6%          5
 Fireball                 Conj/Fire      21%        3d10      6%          5
 Scorch                   Fire           28%        2d6       7%          2
 Conjure Ball Lightning   Conj/Air       27%        3x3d8     8%          6
 Enfeeble                 Hex            31%        N/A       9%          7
 Monstrous Menagerie      Summ           31%        N/A       9%          7
 Orb of Destruction       Conj           31%        9d10      9%          7
 Spellforged Servitor     Conj/Summ      31%        N/A       9%          7
 Summon Hydra             Summ           31%        N/A       9%          7
 Vampiric Draining        Necr           14%        2d7       14%         3
 Ozocubu's Refrigeration  Ice            30%        4d14      14%         7
 Bombard                  Conj/Erth      21%        9d4       32%         6
 Eringya's Noxious Bog    Tmut/Pois      21%        4d6       32%         6
 Starburst                Conj/Fire      21%        6d7       32%         6
 Simulacrum               Ice/Necr       20%        N/A       38%         6
 Animate Dead             Necr           14%        N/A       41%         4
 Olgreb's Toxic Radiance  Pois           14%        N/A       41%         4
 Agony                    Necr           14%        N/A       77%         5
 Borgnjor's Vile Clutch   Necr/Erth      7%         N/A       77%         5
 Lee's Rapid Deconstruct  Erth           7%         3d6*      77%         5
 Plasma Beam              Fire/Air       13%        2x1d24    86%         6
 Haunt                    Necr/Summ      21%        N/A       87%         7
 Death Channel            Necr           7%         N/A       100%        6
 Discord                  Hex            31%        N/A       54%         8
 Disjunction              Tloc           31%        N/A       54%         8
 Borgnjor's Revivificati  Necr           7%         N/A       100%        8
 Ignition                 Fire           7%         3d4       100%        8
 Infestation              Necr           7%         N/A       100%        8
 Lehudib's Crystal Spear  Conj/Erth      21%        10d6      100%        8
 Maxwell's Capacitive Co  Air            20%        ∞         100%        8
 Death's Door             Necr           7%         N/A       100%        9
 Dragon's Call            Summ           31%        N/A       100%        9
 Polar Vortex             Ice            30%        12d4*     100%        9


Dungeon Overview and Level Annotations

Branches:
Dungeon (15/15)            Temple (0/1) D:4            Lair (5/5) D:8
 Shoals (4/4) Lair:3       Spider (4/4) Lair:2        Slime (0/5) Lair:5
    Orc (2/2) D:11            Elf (3/3) Orc:2        Vaults (5/5) D:13
  Crypt (3/3) Vaults:2       Tomb (0/3) Crypt:3      Depths (4/4) D:15
    Zot (5/5) Depths:4    Ossuary (visited)

Altars:
Ashenzari
Kikubaaqudgha
Nemelex Xobeh
Okawaru
Qazlal
Ru
Sif Muna
Trog
Wu Jian
Xom
Yredelemnul
Jiyva

Shops:
D:5 (!(   D:14 (   Orc:2 (((=*[=!   Elf:1 ?   Elf:2 [[   Elf:3 (:[   Shoals:2 *
Shoals:3 (   Vaults:1 ?   Vaults:3 [   Vaults:5 (   Depths:2 :   Depths:4 :

Portals:
Hell: Depths:1 Depths:2 Depths:3 Depths:4
Abyss: Depths:3 Depths:4
Pandemonium: Depths:2 Depths:4
Ziggurat: Depths:3

Annotations:
Lair:5 1 exclusion
Depths:1 4 runed translucent doors, exclusion: door, Lapib's ghost, veteran MfIE
Depths:2 exclusion: downstairs
Depths:4 2 transporters, Causaover's ghost, veteran TeGl
Zot:1 1 exclusion
Zot:4 2 exclusions
Zot:5 31 runed doors, exclusion: 36 doors


Innate Abilities, Weirdness & Mutations

You are a living statue of rough stone.
Your actions are slow, but your melee attacks are powerful.
You are resistant to unholy torment.
Your maximum health is increased.
You are immune to poison.
You have sharp claws.
You have razor-sharp teeth.
You have supernaturally acute eyesight. (SInv)
((You cover ground quickly. (Speed+)))
((Your thick and shaggy fur keeps you warm. (AC +3, rC+)))
Your paws help you pounce on unaware monsters.
You are incapable of wielding weapons or throwing items.
You cannot wear armour.
You gain extra lives every three experience levels.
((You are partially covered in iridescent scales. (AC +2)))
You are agile. (Dex +4, Str/Int -1)
Your mind is very acute. (Int +8, Str/Dex -2)
Your flesh is cold resistant. (rC+)
Your flesh is heat resistant. (rF+)
Your system is resistant to poisons. (rPois)
You are resistant to electric shocks. (rElec)
Your muscles are strong. (Str +4, Int/Dex -1)
You have hidden genetic potential.
You expend magic power (3 MP) to strengthen your wands.


Message History

There is a stone staircase leading up here.
You climb upwards.
There is a stone staircase leading down here.
There are monsters nearby!
Unknown command.
You catch the helpless gnoll completely off-guard!
You eviscerate the gnoll!!!!
You kill the gnoll!
Charge where?
Press: ? - help, Q - select action, (/) - cycle Dir - move target, f - gnoll
Aim: a gnoll, wielding a +0 spear (wandering, hasn't noticed you, 89% to hit)
You charge forward with an electric crackle!
The gnoll shouts!
You closely miss the gnoll. The gnoll hits you but does no damage.
The gnoll misses you.
You barely miss the gnoll. You scratch the gnoll but do no damage.
You bite the gnoll.
The gnoll is moderately wounded.
The gnoll completely misses you.
You mangle the gnoll!!
You kill the gnoll!
No target in view!
Aiming: Throw Flame
Press: ? - help, Shift-Dir - straight line
Okay, then.
Aiming: Dig
Press: ? - help, Shift-Dir - straight line This square is covered in magical glow.
You feel a surge of power!
The rock shatters into small pieces.
The gnoll completely misses you. x2
The gnoll closely misses you.
You mangle the gnoll!!
You kill the gnoll!
Things that are here:
a +0 spear; a gnoll corpse
There is an escape hatch in the ceiling here.
Really go through this one-way escape hatch?
A mysterious force pulls you upwards. The hatch slams shut behind you.
(D) Dungeon (T) Temple (L) Lair (A) Shoals (N) Spider Nest (M) Slime Pits (O) Orcish Mines (E) Elven Halls (V) Vaults (C) Crypt (W) Tomb (U) Depths (H) Hell (Z) Zot
Where to? (Tab/Enter - D:1 @ (x,y), ? - help)
Okay, then.
There's nothing to close nearby.
Aiming: Dig
Press: ? - help, Shift-Dir - straight line A rock wall.
This square is covered in magical glow.
You feel a surge of power!
The rock shatters into small pieces.
Really quaff
C - 3 potions of haste {@q4 !q}?
You feel yourself speed up.
Aiming: Dig
Press: ? - help, Shift-Dir - straight line A rock wall.
This square is covered in magical glow.
You feel a surge of power!
The rock shatters into small pieces.
Aiming: Dig
Press: ? - help, Shift-Dir - straight line A rock wall.
This square is covered in magical glow.
You feel a surge of power!
The rock shatters into small pieces.
A seraph and a daeva come into view.
The seraph is wielding a +7 great sword of flaming.
The daeva is wielding a +2 eudemon blade of holy wrath.
There are monsters nearby!
There are monsters nearby!
The daeva shouts!
The seraph gestures.
The seraph begins to accept its allies' injuries.
The seraph shouts a warning to its allies!
The seraph gestures.
The seraph shouts a warning to its allies!
The cherub sings a powerful hymn!
The angels go into a battle-frenzy!
The seraph gestures.
The seraph begins to accept its allies' injuries.
Casting: Vhi's Electric Charge (mildly dangerous; 1% risk of failure)
Confirm with . or Enter, or press ? or * to list all spells.
Aiming: Passwall (safe; 1% risk of failure)
Press: ? - help, Dir - move target A rock wall.
This square is covered in magical glow.
Your extra speed is starting to run out.
The seraph shouts a warning to its allies!
You begin to meditate on the wall.
You continue meditating on the rock. x2
The angel completely misses you. x3; The angel closely misses you.
You finish merging with the rock.
Casting: Passwall (safe; 1% risk of failure)
Confirm with . or Enter, or press ? or * to list all spells.
Okay, then.
Casting: Passwall (safe; 1% risk of failure)
Confirm with . or Enter, or press ? or * to list all spells.
You blink.
You feel yourself slow down.
You feel ready to blink again.
Blink to where?
Press: ? - help, Dir - move target
As you read the scroll of blinking {@r4}, it crumbles to dust.
Unknown command.
You have escaped!

#.######## #.#..####
#.......(# #.......#
########.# #........
##.###########........
#.....................
#.........####........
#......⌠..# #......>.
#.........# #........
#..∩.8>...# ###.####.
#.........# #.#####
########......⌠..# #......
#................# ######.
#.########.......###########A
#.# #..####...........#. #.#
#..# ###########.## #.# #..#
#.# #.# #..####### #.#


There were no monsters in sight!

Vanquished Creatures
  4 ancient liches
  2 pandemonium lords
  3 dread liches
  Sojobo (Depths:4)
  Vv (Depths:4)
  A Killer Klown (Zot:4)
  3 curse toes
  3 caustic shrikes (Depths:3)
  Nikola (Shoals:3)
  3 golden dragons
  Norris (Elf:3)
  A bone dragon (Vaults:2)
  The ghost of SkaryMonk the Tortoise, an adept AtWr of Hepliaklqana (Vaults:1)
  An electric golem (Zot:1)
  9 tentacled monstrosities
  An iron giant (Depths:3)
  3 Ice Fiends
  Mlioglotl (Shoals:2)
  2 deep elf master archers (Elf:3)
  2 titans (Vaults:5)
  3 sphinxes
  2 death cobs
  5 liches
  5 deep elf blademasters
  3 quicksilver dragons
  2 Executioners
  7 ancient champions
  9 tengu reavers
  10 shadow dragons
  5 storm dragons
  2 revenants
  Donald (Elf:3)
  A fenstrider witch (Zot:4)
  7 draconian knights
  9 draconian monks
  2 emperor scorpions (Spider:4)
  7 draconian scorchers
  A caustic shrike zombie (Crypt:1)
  2 iron dragons (Vaults:5)
  Louise (Elf:1)
  5 deep elf sorcerers
  6 ghost moths
  3 deep elf elementalists (Elf:3)
  2 fire giants
  5 draconian shifters
  17 vault wardens
  7 draconian stormcallers
  4 curse skulls
  18 ironbound preservers
  A spriggan defender (Depths:3)
  3 formless jellyfish
  5 ghouls
  2 cacodemons (Crypt:2)
  An orc warlord (Vaults:3)
  15 very ugly things
  2 reapers
  A broodmother (Spider:2)
  A draconian annihilator (Zot:4)
  2 ironbound thunderhulks
  A lorocyproca (D:4)
  4 war gargoyles
  4 deep elf demonologists
  10 green draconians
  Nessos (D:12)
  15 stone giants
  10 yellow draconians
  7 vampire knights
  13 black draconians
  5 white draconians
  7 purple draconians
  8 dire elephants
  7 deep elf annihilators
  5 red draconians
  5 eidola
  9 spark wasps
  6 merfolk javelineers (Shoals:4)
  An acid blob zombie (Crypt:2)
  8 ettins
  2 blizzard demons (Depths:2)
  10 deep elf death magi
  5 fire dragons
  Josephine (D:15)
  9 jiangshi
  7 deep elf high priests
  2 entropy weavers
  5 merfolk impalers
  5 great orbs of eyes
  26 vault guards
  10 yaktaur captains
  An ogre mage (Vaults:5)
  7 ice dragons
  4 spriggan air magi
  A spriggan zombie (Crypt:1)
  A hell beast (Zot:4)
  2 peacekeepers
  3 merfolk aquamancers
  A radroach (shapeshifter) (Vaults:5)
  6 boulder beetles
  4 ironbound frosthearts
  8 centaur warriors
  3 radroaches
  3 merfolk avatars (Shoals:4)
  A catoblepas (Vaults:4)
  An alligator snapping turtle (Shoals:4)
  24 dancing weapons
  A jorogumo (Spider:3)
  2 death knights
  5 demonic crawlers
  An occultist (Depths:2)
  3 tengu warriors
  A bennu skeleton (Crypt:2)
  4 deep troll earth magi
  10 deep troll shamans
  Urug (D:11)
  3 death yaks (Lair:3)
  10 vampire magi
  2 orc high priests
  A shock serpent (shapeshifter) (Vaults:2)
  4 spriggan berserkers
  4 hell knights (Depths:3)
  20 deep elf knights
  3 soul eaters
  A sixfirhy (D:13)
  5 skysharks
  6 iron trolls
  3 pharaoh ants
  3 shadow wraiths
  23 skeletal warriors
  3 large abominations (Depths:4)
  A shadow demon (Zot:4)
  A bunyip zombie (Crypt:1)
  16 deep elf archers
  A sun moth (Spider:2)
  2 glowing orange brains
  12 sea snakes
  A spriggan simulacrum (Crypt:1)
  61 deep trolls
  6 flayed ghosts
  A storm dragon skeleton (Crypt:1)
  11 phantasmal warriors
  7 orb spiders
  5 lindwurms (Vaults:1)
  9 arcanists
  A steelbarb worm (Spider:2)
  Pikel (D:4)
  A tengu zombie (Depths:2)
  5 spectral wolf spiders (Spider:1)
  8 harpies
  4 necromancers
  11 ironbound convokers
  21 deep elf pyromancers
  2 shadow dragon skeletons (Crypt:3)
  2 bog bodies
  4 orc knights
  A steelbarb worm (shapeshifter) (D:15)
  A frost giant zombie (Depths:2)
  A mana viper (shapeshifter) (D:10)
  3 wolf spider zombies (Spider:1)
  An anaconda skeleton (Crypt:3)
  9 manticores
  25 deep elf zephyrmancers
  5 fauns
  16 ugly things
  4 orc sorcerers
  10 cyclopes
  A salamander (Spider:4)
  18 wolf spiders
  A faun (shapeshifter) (Depths:2)
  15 moths of wrath
  7 merfolk sirens
  A black mamba (Lair:2)
  16 vault sentinels
  2 smoke demons
  4 water nymphs
  3 gargoyles
  A guardian serpent (shapeshifter) (D:15)
  An ice statue (Vaults:4)
  An orange demon (D:8)
  A centaur skeleton (D:15)
  6 cane toads
  A white draconian zombie (Crypt:2)
  19 yaktaurs
  A dire elephant skeleton (Crypt:1)
  2 kobold demonologists (D:14)
  3 torpor snails
  An unseen horror (shapeshifter) (Depths:2)
  2 komodo dragons
  2 unseen horrors (Depths:4)
  A rime drake (shapeshifter) (Depths:3)
  2 efreet
  5 freezing wraiths
  9 trolls
  2 tengu conjurers
  A polar bear (Lair:5)
  A red devil (Zot:2)
  6 wind drakes
  2 wolf spider simulacra (Spider:1)
  28 merfolk
  2 unseen horror skeletons
  3 meliai
  13 tarantellas
  A stone giant simulacrum (Crypt:1)
  11 hornets
  A harpy skeleton (D:15)
  A boulder beetle zombie (Crypt:3)
  2 glass eyes
  5 blink frogs
  2 dream sheep (Shoals:4)
  5 snapping turtles
  17 jumping spiders
  A flying skull (Crypt:3)
  2 air elementals
  12 slime creatures
  3 spriggans
  A spriggan (shapeshifter) (Elf:3)
  12 water elementals
  A shadow (D:10)
  15 culicivoras
  2 vampires
  A ynoxinul (Depths:4)
  9 nameless horrors
  2 wyverns
  12 wraiths
  16 yaks
  3 basilisks
  Grum (D:11)
  3 chaos spawn
  A hog (shapeshifter) (Vaults:5)
  2 vampire mosquitoes
  3 golden eyes (Zot:4)
  46 redbacks
  8 small abominations (Depths:4)
  2 wargs
  A glowing shapeshifter zombie (Crypt:3)
  A swamp worm (shapeshifter) (Vaults:5)
  An acid dragon (D:13)
  A warg (shapeshifter) (Vaults:5)
  A glowing shapeshifter skeleton (Crypt:1)
  3 hell hounds
  6 water moccasins
  A demonspawn skeleton (Crypt:2)
  12 orc warriors
  A sky beast (D:8)
  4 ice beasts
  5 black bears
  A black bear (shapeshifter) (D:15)
  6 ogres
  4 boggarts (Vaults:3)
  7 wolves
  2 manticore skeletons (Crypt:3)
  2 lemures (D:4)
  17 centaurs
  4 kobold brigands
  3 necrophages
  A bullfrog (shapeshifter) (D:6)
  6 scorpions
  3 earth elementals
  6 bullfrogs
  10 wights
  A queen bee zombie (Crypt:1)
  9 killer bees
  10 electric eels
  4 jellies
  3 centaur zombies (Ossuary)
  2 human zombies (Ossuary)
  4 hounds
  14 orc priests
  2 sleepcaps
  4 scorpion zombies (Ossuary)
  2 iguanas (D:5)
  20 orc wizards
  An ogre zombie (Crypt:3)
  A deep dwarf skeleton (Crypt:2)
  12 mummies
  4 gnolls (D:2)
  5 adders
  A shadow imp (D:7)
  A swamp drake skeleton (Crypt:3)
  4 worms
  A dart slug (D:3)
  42 orcs
  6 bats
  A bat zombie (Crypt:3)
  8 endoplasms
  2 giant cockroaches
  9 goblins
  6 hobgoblins
  8 jackals
  4 quokkas
  9 ball pythons
  4 frilled lizards
  A giant cockroach zombie (Crypt:3)
  3 goblin zombies (Ossuary)
  3 hobgoblin zombies (Ossuary)
  13 kobolds
  A kobold zombie (Ossuary)
  2 orc zombies (Ossuary)
  4 rats
  11 butterflies (Vaults:4)
  A spectral weapon (Elf:3)
  3 tentacles (Shoals:3)
1637 creatures vanquished.

Vanquished Creatures (collateral kills)
  Saint Roka (Elf:3)
  2 golden dragons (Vaults:5)
  A caustic shrike (Depths:3)
  A tentacled monstrosity (Zot:1)
  A lich (Crypt:2)
  Asterion (Elf:3)
  A titan (Vaults:5)
  A walking divine tome (Depths:2)
  A kraken (Shoals:3)
  An ancient champion (Crypt:1)
  Roxanne (Shoals:1)
  A storm dragon (Zot:3)
  Aizul (Vaults:3)
  A draconian monk (Zot:4)
  A draconian knight (Zot:4)
  A vault warden (Vaults:1)
  A balrug (Depths:3)
  An emperor scorpion (Spider:4)
  2 frost giants
  A draconian shifter (Zot:1)
  3 ironbound preservers
  A formless jellyfish (Vaults:2)
  A reaper (Crypt:2)
  An orc warlord (Orc:2)
  2 very ugly things
  A cacodemon (Crypt:2)
  2 stone giants
  2 green draconians (Zot:1)
  5 deep elf annihilators (Elf:3)
  3 dire elephants
  2 purple draconians (Zot:1)
  Azrael (D:14)
  An eleionoma (Shoals:2)
  A deep elf demonologist (Elf:3)
  2 ironbound thunderhulks (Vaults:2)
  A white draconian (Zot:4)
  A yellow draconian (Depths:4)
  A red draconian (Zot:4)
  An eidolon (Crypt:2)
  An ettin (Orc:2)
  A merfolk impaler (Shoals:1)
  2 deep elf death magi
  A yaktaur captain (Vaults:2)
  An ice dragon (Depths:2)
  5 hydras
  A rakshasa (D:15)
  2 vault guards (Vaults:5)
  3 ironbound frosthearts
  A radroach (Spider:2)
  5 merfolk aquamancers (Shoals:4)
  2 centaur warriors
  A death knight (D:10)
  A death yak (Lair:3)
  6 dancing weapons
  5 two-headed ogres
  3 tengu warriors
  A deep troll shaman (Depths:1)
  3 boulder beetles
  A satyr (Shoals:3)
  An occultist (D:15)
  2 deep troll earth magi
  3 demonic crawlers
  A sun demon (Depths:3)
  Amaemon (D:8)
  5 deep elf knights
  6 skeletal warriors
  Nergalle (D:11)
  A soul eater (Depths:2)
  3 pharaoh ants
  A skyshark (Shoals:1)
  2 shadow wraiths
  6 deep trolls
  An iron troll (Depths:1)
  A sun moth (Spider:3)
  2 sea snakes (Shoals:4)
  A flayed ghost (Crypt:3)
  3 orb spiders
  2 ironbound convokers
  A phantasmal warrior (Crypt:2)
  2 deep elf archers
  2 steelbarb worms
  3 harpies
  9 deep elf zephyrmancers
  3 necromancers
  An arcanist (Vaults:3)
  8 deep elf pyromancers
  3 orc knights
  13 ugly things
  7 wolf spiders
  An oklob plant (Lair:4)
  2 manticores
  3 fauns
  4 orc sorcerers
  4 cyclopes
  2 merfolk sirens
  7 moths of wrath
  2 vault sentinels
  A frost giant skeleton (Depths:2)
  A torpor snail (Spider:1)
  2 black mambas (Lair:1)
  6 cane toads
  An unseen horror (D:10)
  3 yaktaurs
  5 kobold demonologists
  A rime drake (Lair:5)
  A freezing wraith (Crypt:1)
  A tengu conjurer (D:15)
  4 komodo dragons
  2 efreet
  11 merfolk
  A pale draconian skeleton (Crypt:2)
  A guardian mummy (Crypt:3)
  4 trolls
  2 nameless horrors
  5 meliai
  10 blink frogs
  4 snapping turtles
  4 dream sheep
  3 wind drakes
  10 tarantellas
  A hornet (Spider:4)
  A culicivora (shapeshifter) (D:14)
  2 shadows (D:12)
  A slime creature (Vaults:4)
  3 culicivoras
  An air elemental (Elf:3)
  7 jumping spiders
  4 water elementals
  20 yaks
  A wyvern (shapeshifter) (D:13)
  3 wyverns
  2 fire elementals (D:14)
  2 golden eyes (Zot:4)
  A steam dragon (D:9)
  12 redbacks
  2 basilisks
  A demonspawn zombie (Crypt:3)
  4 vampire mosquitoes
  3 hell hounds
  4 acid dragons
  4 water moccasins
  17 orc warriors
  A merfolk skeleton (Crypt:2)
  9 wolves
  3 ogres
  A phantom (D:7)
  3 centaurs (D:10)
  3 kobold brigands (D:14)
  2 bullfrogs
  A scorpion (Ossuary)
  2 wights
  8 killer bees (D:10)
  A troll zombie (Crypt:2)
  A howler monkey (D:10)
  4 electric eels
  A bullfrog zombie (Crypt:3)
  A centaur zombie (Ossuary)
  2 jellies (Lair:5)
  A human zombie (Ossuary)
  6 orc priests
  A gnoll bouda (D:8)
  A boggart skeleton (Crypt:1)
  25 orc wizards
  2 centaur simulacra
  A deep dwarf skeleton (Crypt:1)
  3 mummies (Crypt:3)
  4 gnolls (D:8)
  23 orcs
  4 kobolds (D:14)
  A kobold zombie (Ossuary)
  4 butterflies (Vaults:4)
518 creatures vanquished.

Vanquished Creatures (others)
  2 caustic shrikes (Depths:3)
  A lich (Crypt:2)
  2 death cobs
  A draconian monk (Zot:1)
  A draconian knight (Zot:3)
  A deep elf elementalist (Elf:3)
  A draconian annihilator (Zot:3)
  A vampire knight (Depths:2)
  2 white draconians
  2 yellow draconians
  An alligator snapping turtle (Shoals:4)
  2 dancing weapons
  A hell knight (Depths:3)
  A harpy (Shoals:4)
  A deep elf pyromancer (Elf:2)
  2 deep elf zephyrmancers
  2 ugly things (D:14)
  5 dream sheep (D:7)
  A wyvern zombie (D:7)
  A spectral bullfrog (D:7)
  An orc wizard (Vaults:5)
  2 kobolds (D:14)
  9 tentacles (Shoals:3)
43 creatures vanquished.

Grand Total: 2198 creatures vanquished

Notes
Turn   | Place    | Note
-------+----------+-------------------------------------------
     0 | D:1      | EnegeticOcto the Felid Chaos Knight began the quest for the
                  | Orb.
     0 | D:1      | Reached XP level 1. HP: 10/10 MP: 2/2
    57 | D:1      | XOM: silly message
    93 | D:1      | Reached skill level 1 in Stealth
   169 | D:1      | XOM: silly message
   173 | D:1      | Reached skill level 2 in Stealth
   223 | D:1      | Reached XP level 2. HP: 14/14 MP: 3/3
   349 | D:1      | XOM: noise
   351 | D:1      | Reached skill level 3 in Stealth
   594 | D:1      | XOM: silly message
   610 | D:1      | XOM: divination: detect creatures
   622 | D:1      | XOM: silly message
   788 | D:2      | XOM: noise
   925 | D:2      | Reached XP level 3. HP: 16/17 MP: 4/4
  1221 | D:2      | Found a faded altar of an unknown god.
  1706 | D:2      | XOM: smoke on damage
  1818 | D:3      | XOM: cloud trail
  1981 | D:3      | Reached skill level 4 in Dodging
  1984 | D:3      | XOM: butterfly on damage
  2257 | D:3      | XOM: butterfly on damage
  2329 | D:3      | Reached XP level 4. HP: 6/21 MP: 5/5
  2338 | D:3      | XOM is BORED!
  2338 | D:3      | XOM: noise
  2445 | D:3      | Found a sacrificial altar of Ru.
  2531 | D:3      | Found a basalt altar of Yredelemnul.
  2622 | D:3      | Found an iron altar of Okawaru.
  2623 | D:3      | Found a shimmering blue altar of Sif Muna.
  2625 | D:3      | Identified the amulet of Goedym {Harm rF++ Regen+ Dex-2}
  2816 | D:3      | XOM: divination: detect items
  2927 | D:4      | XOM: noise
  2928 | D:4      | Found a staircase to the Ecumenical Temple.
  2994 | D:4      | Reached skill level 4 in Unarmed Combat
  3066 | D:4      | XOM: butterfly on damage
  3114 | D:4      | Found a sand-covered staircase.
  3125 | Ossuary  | Entered an ossuary
  3131 | Ossuary  | Noticed a scorpion
  3164 | Ossuary  | XOM: silly message
  3171 | Ossuary  | Killed a scorpion
  3172 | Ossuary  | Reached skill level 5 in Dodging
  3172 | Ossuary  | Reached XP level 5. HP: 24/24 MP: 6/6
  3255 | Ossuary  | Reached skill level 5 in Unarmed Combat
  3269 | Ossuary  | XOM: scenery: 1 doors open, 1 doors close
  3310 | Ossuary  | Gained mutation: You are covered in thick fur. (AC +2)
                  | [Felid growth]
  3310 | Ossuary  | Reached XP level 6. HP: 25/28 MP: 7/7
  3317 | Ossuary  | XOM: god gift: 33 gold pieces
  3366 | Ossuary  | XOM: cast spell 'Monstrous Menagerie'
  3372 | Ossuary  | Reached skill level 4 in Fighting
  3386 | Ossuary  | Reached skill level 5 in Fighting
  3386 | Ossuary  | Reached XP level 7. HP: 26/33 MP: 8/8
  3554 | Ossuary  | Reached skill level 6 in Dodging
  3565 | Ossuary  | Reached skill level 6 in Unarmed Combat
  3635 | Ossuary  | XOM: butterfly on damage
  3689 | Ossuary  | XOM: noise
  3734 | Ossuary  | XOM: god gift: 54 gold pieces
  3834 | D:4      | Noticed Pikel
  3865 | D:4      | Found the Hermit's Pendant {Faith Invo=14 Evo=0 MP+5}
  4093 | D:4      | XOM: silly message
  4147 | D:4      | XOM: butterfly on damage
  4150 | D:4      | Reached skill level 4 in Stealth
  4514 | D:5      | Entered Level 5 of the Dungeon
  4518 | D:5      | Reached skill level 7 in Dodging
  4668 | D:5      | XOM: smoke on damage
  4673 | D:5      | Reached XP level 8. HP: 15/38 MP: 9/9
  4792 | D:5      | Reached skill level 6 in Fighting
  4809 | D:5      | Found Lanes's Antique Weapon Shoppe.
  4815 | D:5      | XOM: swap monsters
  4938 | D:5      | XOM is BORED!
  4938 | D:5      | XOM: draining
  5211 | D:5      | Reached skill level 8 in Dodging
  5261 | D:5      | XOM: summons 5 friendly demons
  5305 | D:5      | XOM: butterfly on damage
  5393 | D:5      | Found Ewniacus's Weapon Boutique.
  5419 | D:5      | Reached skill level 7 in Unarmed Combat
  5597 | D:5      | XOM: summons 2 friendly demons
  5813 | D:5      | Gained mutation: Your muscles are strong. (Str +4, Int/Dex
                  | -1) [potion of mutation]
  5813 | D:5      | Gained mutation: Your spells are a little harder to cast,
                  | but a little more powerful. [potion of mutation]
  5813 | D:5      | Gained mutation: You have a pair of small antennae on your
                  | head. [potion of mutation]
  5897 | D:5      | Found Cillo's Distillery.
  5922 | D:5      | Bought a potion of curing for 42 gold pieces
  5922 | D:5      | Bought a potion of enlightenment for 70 gold pieces
  5922 | D:5      | Bought a potion of curing for 42 gold pieces
  5922 | D:5      | Bought a potion of lignification for 42 gold pieces
  5922 | D:5      | Bought a potion of berserk rage for 70 gold pieces
  5922 | D:5      | Bought a potion of degeneration for 14 gold pieces
  6018 | D:5      | XOM: give mutation
  6018 | D:5      | Gained mutation: Your flesh is cold resistant. (rC+) [Xom's
                  | grace]
  6400 | D:2      | XOM: summons 5 hostile demons
  6777 | D:6      | XOM: polymorph ice beast -> black bear
  6790 | D:6      | a black bear changed into a shapeshifter
  6790 | D:6      | Noticed a shapeshifter (shapeshifter)
  6790 | D:6      | XOM: polymorph black bear -> shapeshifter
  6791 | D:6      | a shapeshifter changed into a yak
  6808 | D:6      | XOM: draining
  6902 | D:6      | Reached skill level 8 in Unarmed Combat
  6969 | D:6      | XOM: silly message
  7012 | D:6      | XOM: 1-stop teleportation journey
  7229 | D:6      | XOM: summons 1 hostile shadow creature
  7261 | D:5      | XOM: summons 3 hostile shadow creatures
  7338 | D:6      | XOM: summons 4 hostile demons
  7559 | D:6      | an orc warrior changed into a glowing shapeshifter
  7559 | D:6      | Noticed a glowing shapeshifter (glowing shapeshifter)
  7559 | D:6      | XOM: polymorph orc warrior -> glowing shapeshifter
  7559 | D:6      | a glowing shapeshifter changed into a swamp worm
  7560 | D:6      | a swamp worm changed into a glowing orange brain
  7560 | D:6      | Noticed a glowing orange brain (glowing shapeshifter)
  7562 | D:6      | a glowing orange brain changed into an orb spider
  7562 | D:6      | Noticed an orb spider (glowing shapeshifter)
  7592 | D:6      | XOM: 9-stop teleportation journey
  7692 | D:6      | XOM: noise
  7705 | D:6      | Reached skill level 9 in Unarmed Combat
  7705 | D:6      | Reached XP level 9. HP: 41/41 MP: 10/10
  7891 | D:6      | Noticed a salamander
  7892 | D:6      | a salamander changed into a troll
  7892 | D:6      | Noticed a troll (glowing shapeshifter)
  7948 | D:7      | Found a broken altar of Ashenzari.
  7993 | D:7      | Learned a level 5 spell: Summon Mana Viper
  8034 | D:7      | Reached skill level 1 in Hexes
  8058 | D:7      | Reached skill level 1 in Summonings
  8115 | D:7      | Reached skill level 1 in Spellcasting
  8131 | D:7      | Reached skill level 2 in Hexes
  8170 | D:6      | XOM: give mutations
  8170 | D:6      | Gained mutation: You are clumsy. (Dex -2) [Xom's mischief]
  8170 | D:6      | Lost mutation: Your muscles are strong. (Str +4, Int/Dex
                  | -1) [Xom's mischief]
  8170 | D:6      | Gained mutation: You are dopey. (Int -2) [Xom's mischief]
  8170 | D:6      | Lost mutation: Your flesh is cold resistant. (rC+) [Xom's
                  | mischief]
  8244 | D:6      | XOM: silly message
  8345 | D:7      | Found a shimmering altar of Xom.
  8449 | D:7      | Reached skill level 3 in Hexes
  8582 | D:7      | XOM: smoke on damage
  8584 | D:7      | Reached skill level 2 in Spellcasting
  8584 | D:7      | Reached skill level 2 in Summonings
  8634 | D:7      | XOM: summons 3 hostile shadow creatures
  8650 | D:6      | Noticed an azure jelly
  8655 | D:6      | Noticed a dire elephant
  8656 | D:6      | a dire elephant changed into an eleionoma
  8656 | D:6      | Noticed an eleionoma (glowing shapeshifter)
  9005 | D:8      | Reached skill level 9 in Dodging
  9132 | D:8      | Reached skill level 4 in Hexes
  9168 | D:8      | XOM: cast spell 'Metabolic Englaciation'
  9303 | D:8      | Reached skill level 3 in Summonings
  9356 | D:8      | Noticed a troll
  9364 | D:8      | Killed a troll
  9365 | D:8      | Reached skill level 3 in Spellcasting
  9368 | D:8      | XOM: cast spell 'Discord'
  9371 | D:8      | Reached skill level 5 in Hexes
  9373 | D:8      | HP: 3/61 [poisoned by a hornet]
  9373 | D:8      | Slain by a wight
  9401 | D:8      | XOM: summons 4 friendly demons
  9428 | D:8      | XOM: enchant monster (good)
  9479 | D:8      | Identified the amulet "Zaxoluaz" {Reflect Rampage *Slow
                  | Dex+8 SH+5}
  9599 | D:8      | Found an ornate altar of the Wu Jian Council.
  9613 | D:8      | Noticed Amaemon
  9613 | D:8      | Noticed an orange demon
  9629 | D:8      | XOM: destruction
  9640 | D:8      | XOM: divination: detect creatures
  9652 | D:8      | XOM: cast spell 'Summon Dragon'
  9654 | D:8      | Killed an orange demon
  9654 | D:8      | Killed Amaemon
  9655 | D:8      | Reached skill level 10 in Dodging
  9655 | D:8      | Reached skill level 6 in Hexes
  9655 | D:8      | Reached skill level 4 in Summonings
  9655 | D:8      | Reached XP level 10. HP: 34/45 MP: 16/16
  9674 | D:8      | Found a staircase to the Lair.
  9694 | D:8      | Reached skill level 4 in Spellcasting
  9694 | D:8      | Reached skill level 7 in Hexes
  9753 | D:8      | Reached skill level 5 in Summonings
  9759 | D:8      | Found a sparkling altar of Nemelex Xobeh.
  9894 | D:8      | XOM: 6-stop teleportation journey
 10109 | D:8      | XOM: smoke on damage
 10344 | D:8      | XOM: butterfly on damage
 10431 | D:8      | XOM: divination: magic mapping
 10643 | D:9      | Found an ancient bone altar of Kikubaaqudgha.
 10654 | D:9      | Reached skill level 8 in Hexes
 10744 | D:9      | Noticed a gargoyle
 11110 | D:9      | Noticed a cyclops
 11170 | D:9      | Learned a level 4 spell: Cause Fear
 11180 | D:9      | XOM: summons friendly quasit
 11325 | D:9      | Reached skill level 6 in Summonings
 11580 | D:6      | Noticed a quicksilver dragon
 11580 | D:6      | XOM: cleaving
 11623 | D:4      | XOM: fog
 11629 | D:4      | XOM: cleaving
 11634 | D:4      | Killed Pikel
 11635 | D:4      | Reached skill level 9 in Hexes
 11749 | D:4      | XOM: scenery: 1 doors open, 1 doors close
 12005 | D:7      | XOM: destruction
 12036 | D:7      | Identified the +6 dagger of Deneme Koan {pain, Str+2}
 12036 | D:7      | XOM: enchant monster (good)
 12055 | D:7      | Slain by a wight
 12640 | D:7      | XOM: fog
 12775 | D:9      | Reached skill level 10 in Hexes
 12863 | D:9      | Killed a cyclops
 12864 | D:9      | Reached skill level 7 in Summonings
 12945 | D:9      | XOM: god gift: 5 stones
 13086 | D:9      | XOM: fog
 13094 | D:9      | HP: 1/45 [gargoyle/stone arrow (28)]
 13094 | D:9      | XOM: butterfly on damage
 13105 | D:9      | Slain by a gargoyle
 13128 | D:9      | Killed a gargoyle
 13129 | D:9      | Reached XP level 11. HP: 48/48 MP: 13/18
 13202 | D:9      | XOM: scenery: create altars
 13210 | D:10     | Identified the of Kisu Cacw
 13210 | D:10     | Entered Level 10 of the Dungeon
 13333 | D:10     | Noticed a two-headed ogre
 13355 | D:10     | XOM: scenery: create altars
 13360 | D:10     | Killed a two-headed ogre
 13361 | D:10     | Reached skill level 11 in Hexes
 13449 | D:10     | Noticed a two-headed ogre
 13453 | D:10     | Noticed a nameless horror
 13499 | D:9      | XOM: silly message
 13574 | D:10     | Noticed an arcanist
 13597 | D:10     | XOM: cast spell 'Alistair's Intoxication'
 13605 | D:10     | Killed an arcanist
 13606 | D:10     | Reached skill level 8 in Summonings
 13723 | D:10     | Noticed a two-headed ogre
 13729 | D:10     | XOM: summons friendly shadow imp
 13742 | D:10     | Killed a two-headed ogre
 13743 | D:10     | Reached skill level 12 in Hexes
 13921 | D:10     | XOM: divination: detect creatures
 14002 | D:10     | Noticed an orc knight
 14006 | D:10     | XOM: scenery: create altars
 14006 | D:10     | HP: 1/48 [centaur/arrow (15)]
 14014 | D:10     | XOM: summons friendly iron imp
 14020 | D:10     | XOM: cast spell 'Summon Mana Viper'
 14043 | D:10     | Killed an orc knight
 14044 | D:10     | Reached skill level 5 in Spellcasting
 14064 | D:10     | Noticed a two-headed ogre
 14076 | D:10     | XOM: scenery: create altars
 14085 | D:10     | Killed a two-headed ogre
 14086 | D:10     | Reached skill level 13 in Hexes
 14190 | D:10     | XOM: polymorph mana viper -> glass eye
 14303 | D:10     | Noticed a centaur warrior
 14328 | D:10     | Reached skill level 14 in Hexes
 14362 | D:10     | Noticed a death knight
 14463 | D:10     | Noticed a lindwurm
 14463 | D:10     | a lindwurm changed into a deep troll
 14463 | D:10     | Noticed a deep troll (shapeshifter)
 14467 | D:10     | a deep troll changed into a mana viper
 14467 | D:10     | Noticed a mana viper (shapeshifter)
 14477 | D:10     | Killed a mana viper
 14485 | D:10     | Killed a two-headed ogre
 14491 | D:10     | XOM: cast spell 'Disjunction'
 14506 | D:10     | Killed a death knight
 14607 | D:10     | XOM: divination: magic mapping
 14612 | D:10     | Learned a level 2 spell: Passwall
 14648 | D:10     | Killed a nameless horror
 14952 | D:10     | XOM: give mutations
 14952 | D:10     | Gained mutation: You passively dampen the noise of your
                  | surroundings. [Xom's grace]
 14952 | D:10     | Gained mutation: Your muscles are strong. (Str +4, Int/Dex
                  | -1) [Xom's grace]
 14952 | D:10     | Gained mutation: You have hidden genetic potential. [Xom's
                  | grace]
 15014 | D:10     | XOM: god gift: 16 gold pieces
 15022 | D:10     | XOM: scenery: summon butterflies
 15341 | D:10     | Killed a centaur warrior
 15342 | D:10     | Gained mutation: Your thick and shaggy fur keeps you warm.
                  | (AC +3, rC+) [Felid growth]
 15342 | D:10     | Reached XP level 12. HP: 53/53 MP: 15/21
 15439 | D:9      | XOM: scenery: summon butterflies
 15494 | D:11     | Identified the "Libun"
 15494 | Lair:1   | Entered Level 1 of the Lair of Beasts
 15897 | Lair:1   | Reached skill level 11 in Dodging
 15900 | Lair:1   | Reached skill level 7 in Fighting
 15907 | Lair:1   | Reached skill level 6 in Spellcasting
 16003 | Lair:1   | XOM: 4-stop teleportation journey
 16197 | Lair:1   | XOM: god gift: book of Frost
 16332 | Lair:1   | XOM: give mutations
 16332 | Lair:1   | Lost mutation: You are dopey. (Int -2) [Xom's grace]
 16332 | Lair:1   | Gained mutation: Your system is resistant to poisons.
                  | (rPois) [Xom's grace]
 16454 | Lair:2   | Reached skill level 9 in Summonings
 16869 | Lair:2   | XOM: enchant monster (good)
 16898 | Lair:2   | XOM: 2-stop teleportation journey
 16943 | Lair:2   | XOM: 6-stop teleportation journey
 16950 | Lair:2   | XOM: give mutations
 16950 | Lair:2   | Lost mutation: You have hidden genetic potential. [Xom's
                  | mischief]
 16950 | Lair:2   | Gained mutation: Your body sometimes deteriorates upon
                  | taking damage. [Xom's mischief]
 16950 | Lair:2   | Gained mutation: Your mind is acute. (Int +4, Str/Dex -1)
                  | [Xom's mischief]
 16950 | Lair:2   | Gained mutation: You are partially covered in iridescent
                  | scales. (AC +2) [Xom's mischief]
 17050 | Lair:2   | XOM: give mutations
 17050 | Lair:2   | Lost mutation: You passively dampen the noise of your
                  | surroundings. [Xom's mischief]
 17050 | Lair:2   | Lost mutation: You are partially covered in iridescent
                  | scales. (AC +2) [Xom's mischief]
 17127 | Lair:2   | XOM: polymorph komodo dragon -> troll
 17318 | Lair:2   | Found a hole to the Spider Nest.
 17642 | Lair:3   | XOM: enchant monster (bad)
 17650 | Lair:3   | Reached skill level 8 in Fighting
 17654 | Lair:3   | Reached skill level 12 in Dodging
 17676 | Lair:3   | Reached skill level 7 in Spellcasting
 17687 | Lair:3   | XOM: 3-stop teleportation journey
 17749 | Lair:3   | XOM: silly message
 17959 | Lair:3   | Reached skill level 1 in Evocations
 17996 | Lair:3   | Noticed a death yak
 18012 | Lair:3   | XOM: silly message
 18361 | Lair:3   | XOM: divination: detect items
 18384 | Lair:3   | Reached skill level 2 in Evocations
 18471 | Lair:3   | XOM: noise
 18594 | Lair:3   | Found a staircase to the Shoals.
 18646 | Lair:3   | XOM: butterfly on damage
 18790 | Lair:3   | Noticed a death yak
 18792 | Lair:3   | Noticed a death yak
 18793 | Lair:3   | Noticed a death yak
 18808 | Lair:3   | Killed a death yak
 18809 | Lair:3   | Reached skill level 10 in Summonings
 18809 | Lair:3   | Reached XP level 13. HP: 59/59 MP: 17/25
 18818 | Lair:3   | Reached skill level 3 in Evocations
 19178 | Lair:4   | XOM: butterfly on damage
 19319 | Lair:4   | Reached skill level 9 in Fighting
 19325 | Lair:4   | Reached skill level 13 in Dodging
 19396 | Lair:4   | XOM: snakes to sticks
 19655 | Lair:4   | XOM: give mutation
 19655 | Lair:4   | Gained mutation: You are somewhat resistant to further
                  | mutation. [Xom's mischief]
 19745 | Lair:4   | Reached skill level 4 in Evocations
 19759 | Lair:4   | Reached skill level 8 in Spellcasting
 19874 | Lair:4   | XOM: divination: detect creatures
 19928 | Lair:4   | XOM: divination: magic mapping
 20058 | Lair:4   | XOM: god gift: +2 dagger of chaos
 20149 | Lair:5   | Entered Level 5 of the Lair of Beasts
 20301 | Lair:5   | Found a viscous altar of Jiyva.
 20301 | Lair:5   | Found a staircase to the Slime Pits.
 20331 | Lair:5   | XOM: give mutations
 20331 | Lair:5   | Gained mutation: Your flesh is cold resistant. (rC+) [Xom's
                  | grace]
 20331 | Lair:5   | Gained mutation: You are partially covered in iridescent
                  | scales. (AC +2) [Xom's grace]
 20331 | Lair:5   | Gained mutation: You are mostly covered in iridescent
                  | scales. (AC +4) [Xom's grace]
 20331 | Lair:5   | Gained mutation: Your natural rate of healing is unusually
                  | fast. [Xom's grace]
 20577 | Lair:5   | Reached skill level 5 in Evocations
 20585 | Lair:5   | XOM: give mutations
 20585 | Lair:5   | Gained mutation: You are completely covered in iridescent
                  | scales. (AC +6) [Xom's grace]
 20585 | Lair:5   | Lost mutation: You are clumsy. (Dex -2) [Xom's grace]
 21078 | Lair:3   | XOM: draining
 21212 | D:10     | XOM: give mutation
 21212 | D:10     | Lost mutation: Your system is resistant to poisons. (rPois)
                  | [Xom's mischief]
 21238 | D:11     | Noticed Nergalle
 21238 | D:11     | XOM: 4-stop teleportation journey
 21261 | D:11     | Noticed Grum
 21265 | D:11     | Noticed Urug
 21267 | D:11     | Killed Grum
 21284 | D:11     | Killed Urug
 21327 | D:11     | Reached skill level 10 in Fighting
 21327 | D:11     | Reached skill level 14 in Dodging
 21327 | D:11     | Reached skill level 6 in Evocations
 21361 | D:11     | Killed Nergalle
 21484 | D:11     | Found a staircase to the Orcish Mines.
 21506 | D:11     | Reached skill level 7 in Evocations
 21603 | D:11     | XOM: stat loss: -1 Dex (32/33)
 21854 | D:11     | Reached skill level 8 in Evocations
 21951 | D:11     | XOM is BORED!
 21951 | D:11     | XOM: polymorph unseen horror -> jumping spider
 21994 | D:11     | Identified the +5 dagger of Responsibility {venom, rN+
                  | Str+3 Int+3}
 22134 | D:11     | XOM: blink monster(s)
 22153 | D:11     | Reached skill level 9 in Evocations
 22153 | D:11     | Reached XP level 14. HP: 47/66 MP: 21/27
 22422 | D:11     | Identified the ring "Boceduoz" {Fire Drain rPois Dex+3}
 22754 | Orc:1    | Entered Level 1 of the Orcish Mines
 22842 | Orc:1    | XOM: 1-stop teleportation journey
 22883 | Orc:1    | Reached skill level 10 in Evocations
 22883 | Orc:1    | Reached skill level 1 in Shapeshifting
 23384 | Orc:2    | Entered Level 2 of the Orcish Mines
 23430 | Orc:2    | XOM: noise
 23716 | Orc:2    | XOM: chaos upgrade
 23718 | Orc:2    | Reached skill level 2 in Shapeshifting
 23797 | Orc:2    | Found Cettall's Distillery.
 23802 | Orc:2    | Found a staircase to the Elven Halls.
 23803 | Orc:2    | XOM: give mutations
 23803 | Orc:2    | Lost mutation: Your mind is acute. (Int +4, Str/Dex -1)
                  | [Xom's mischief]
 23803 | Orc:2    | Gained mutation: You expend magic power (3 MP) to
                  | strengthen your wands. [Xom's mischief]
 23805 | Orc:2    | Bought a potion of heal wounds for 65 gold pieces
 23805 | Orc:2    | Bought a potion of heal wounds for 65 gold pieces
 23805 | Orc:2    | Bought a potion of haste for 130 gold pieces
 23805 | Orc:2    | Bought a potion of cancellation for 104 gold pieces
 24009 | Orc:2    | Found Cuhemuce's Weapon Emporium.
 24106 | Orc:2    | XOM: summons 3 hostile shadow creatures
 24272 | Orc:2    | XOM: polymorph mana viper -> yaktaur
 24288 | Orc:2    | Reached skill level 3 in Shapeshifting
 24359 | Orc:2    | Noticed an orc warlord
 24365 | Orc:2    | XOM: 3-stop teleportation journey
 24416 | Orc:2    | Killed an orc warlord
 24581 | Orc:2    | Reached skill level 4 in Shapeshifting
 24668 | Orc:2    | Found Riontes's Weapon Emporium.
 24709 | Orc:2    | Found Kybant's Antique Weapon Shoppe.
 24760 | Orc:2    | Found Qeynott's Jewellery Shoppe.
 24760 | Orc:2    | Found Fozer's Antique Armour Emporium.
 24761 | Orc:2    | Found Noeru's Jewellery Emporium.
 24765 | Orc:2    | Found Zoigyim's General Store.
 24769 | Orc:2    | Bought a potion of curing for 33 gold pieces
 24769 | Orc:2    | Bought a scroll of blinking for 82 gold pieces
 24769 | Orc:2    | Bought a scroll of identify for 22 gold pieces
 24769 | Orc:2    | Bought a wand of iceblast (5) for 132 gold pieces
 24769 | Orc:2    | Bought a wand of flame (14) for 107 gold pieces
 24771 | Orc:2    | Bought a potion of resistance for 110 gold pieces
 24771 | Orc:2    | Identified 2 scrolls of acquirement
 24772 | Orc:2    | Acquired 587 gold pieces
 24773 | Orc:2    | Acquired a book of Debilitation
 24779 | Orc:2    | Learned a level 3 spell: Confusing Touch
 25036 | D:12     | Learned a level 2 spell: Blink
 25096 | D:12     | Reached skill level 10 in Unarmed Combat
 25096 | D:12     | Reached skill level 1 in Translocations
 25103 | D:12     | Killed from afar by an electric eel
 25131 | D:12     | Reached skill level 2 in Translocations
 25131 | D:12     | Noticed Nessos
 25146 | D:12     | XOM: noise
 25158 | D:12     | Killed Nessos
 25257 | D:12     | Reached skill level 3 in Translocations
 25578 | D:12     | Reached skill level 5 in Shapeshifting
 25616 | D:12     | XOM: god gift: 16 gold pieces
 25796 | D:12     | XOM: give mutations
 25796 | D:12     | Lost mutation: Your spells are a little harder to cast, but
                  | a little more powerful. [Xom's mischief]
 25796 | D:12     | Lost mutation: Your flesh is cold resistant. (rC+) [Xom's
                  | mischief]
 25840 | D:12     | Reached skill level 4 in Translocations
 26203 | D:12     | XOM: god gift: orcbow {god gift}
 26375 | D:13     | Reached skill level 5 in Translocations
 26422 | D:13     | Reached skill level 6 in Shapeshifting
 26432 | D:13     | XOM: enchant monster (good)
 26434 | D:13     | XOM: summons friendly crimson imp
 26635 | D:13     | Reached skill level 7 in Shapeshifting
 26752 | D:13     | XOM: enchant monster (good)
 26834 | D:13     | Found a gate to the Vaults.
 26834 | D:13     | Noticed an ironbound preserver
 26911 | D:13     | XOM: silly message
 26922 | D:13     | Reached skill level 8 in Shapeshifting
 26965 | D:13     | Killed an ironbound preserver
 27365 | D:14     | XOM: noise
 27515 | D:14     | Noticed Azrael
 27515 | D:14     | XOM: 2-stop teleportation journey
 27572 | D:14     | XOM: chaos upgrade
 27579 | D:14     | Reached skill level 9 in Shapeshifting
 27765 | D:14     | XOM: silly message
 27818 | D:14     | XOM: swap monsters
 27820 | D:14     | XOM: silly message
 27823 | D:14     | Reached XP level 15. HP: 69/69 MP: 7/28
 28054 | D:14     | XOM: divination: magic mapping
 28102 | D:14     | Found Tonwieji's Antique Weapon Shoppe.
 28241 | D:13     | Reached skill level 10 in Shapeshifting
 28330 | D:14     | XOM: divination: detect creatures
 28426 | D:14     | XOM: confuse monster(s)
 28451 | D:14     | Killed Azrael
 28797 | D:15     | Entered Level 15 of the Dungeon
 28909 | D:15     | Reached skill level 5 in Stealth
 29007 | D:15     | XOM: polymorph harpy -> shapeshifter
 29019 | D:15     | Reached skill level 6 in Translocations
 29040 | D:15     | XOM: summons 2 friendly demons
 29096 | D:15     | Noticed Josephine
 29096 | D:15     | XOM: 2-stop teleportation journey
 29097 | D:15     | Killed Josephine
 29534 | D:15     | XOM: noise
 29540 | D:15     | XOM: cast spell 'Summon Small Mammal'
 29620 | D:15     | Found a staircase to the Depths.
 29635 | D:15     | Reached skill level 6 in Stealth
 29832 | D:15     | Reached skill level 7 in Translocations
 29907 | D:15     | XOM: god gift: 21 gold pieces
 30016 | D:15     | Learned a level 4 spell: Manifold Assault
 30022 | D:15     | Learned a level 5 spell: Summon Forest
 30307 | Shoals:1 | Entered Level 1 of the Shoals
 30394 | Lair:3   | XOM: god gift: 2 silver javelins
 30820 | Shoals:1 | XOM: chaos upgrade
 30948 | Shoals:1 | Reached skill level 7 in Stealth
 31141 | Shoals:1 | XOM: enchant monster (bad)
 31166 | Shoals:1 | Reached skill level 8 in Translocations
 31297 | Shoals:1 | Noticed Roxanne
 31297 | Shoals:1 | XOM: destruction
 31301 | Shoals:1 | XOM: stat loss: -1 Str (11/12)
 31316 | Shoals:1 | Killed Roxanne
 31419 | Shoals:1 | Upgraded the game from 0.31-a0-1036-g31867e143a to
                  | 0.31-a0-1057-g70f3316b05
 31467 | Shoals:2 | Noticed Mlioglotl
 31483 | Shoals:2 | Killed Mlioglotl
 31646 | Shoals:2 | Reached skill level 11 in Shapeshifting
 31730 | Shoals:2 | Found Ovar's General Store.
 31733 | Shoals:2 | Bought a wand of charming (3) for 108 gold pieces
 31876 | Shoals:2 | Noticed Ilsuiw
 32062 | Shoals:2 | Ilsuiw changed into Ilsuiw the eleionoma
 32062 | Shoals:2 | Noticed Ilsuiw
 32062 | Shoals:2 | XOM: polymorph Ilsuiw -> Ilsuiw the eleionoma
 32066 | Shoals:2 | XOM: potion effect (might)
 32070 | Shoals:2 | Killed Ilsuiw the eleionoma
 32085 | Shoals:2 | Reached XP level 16. HP: 65/74 MP: 14/29
 32146 | Shoals:2 | XOM: silly message
 32295 | Shoals:2 | XOM: silly message
 32314 | Shoals:2 | XOM: divination: magic mapping
 32383 | Shoals:2 | XOM: divination: detect creatures
 32436 | Shoals:2 | XOM: potion effect (might)
 32659 | Shoals:3 | Found Viatsuof's Antique Weapon Shoppe.
 32679 | Shoals:3 | Reached skill level 12 in Shapeshifting
 32759 | Shoals:3 | Noticed Nikola
 33011 | Shoals:3 | XOM: silly message
 33149 | Shoals:3 | Noticed a kraken
 33201 | Shoals:1 | XOM: divination: magic mapping
 33265 | Spider:1 | Entered Level 1 of the Spider Nest
 33397 | Spider:1 | XOM: silly message
 33498 | Spider:1 | XOM: silly message
 33613 | Spider:1 | XOM: silly message
 33646 | Spider:1 | Reached skill level 13 in Shapeshifting
 33716 | Spider:1 | XOM: divination: detect items
 34018 | Spider:1 | XOM: silly message
 34020 | Spider:1 | XOM: silly message
 34025 | Spider:1 | XOM: confuse monster(s)
 34223 | Spider:2 | Reached skill level 14 in Shapeshifting
 34327 | Spider:2 | XOM: silly message
 34335 | Spider:2 | XOM is BORED!
 34335 | Spider:2 | XOM: silly message
 34433 | Spider:2 | XOM: divination: magic mapping
 34531 | Spider:2 | XOM: silly message
 34599 | Spider:2 | XOM: god gift: +2 ring mail of willpower
 34733 | Spider:2 | Reached skill level 11 in Unarmed Combat
 34829 | Spider:2 | Reached skill level 11 in Fighting
 35048 | Spider:3 | XOM: summons 4 friendly demons
 35157 | Spider:3 | XOM: confuse monster(s)
 35250 | Spider:3 | XOM: noise
 35335 | Spider:3 | XOM: summons friendly iron imp
 35357 | Spider:3 | XOM: potion effect (might)
 35392 | Spider:3 | XOM: fog
 35455 | Spider:3 | XOM: cleaving
 35479 | Spider:3 | XOM: confuse monster(s)
 35727 | Spider:3 | Reached XP level 17. HP: 79/79 MP: 25/30
 35757 | Spider:3 | XOM: 1-stop teleportation journey
 35782 | Spider:3 | XOM: god gift: chain mail {god gift}
 35812 | Spider:3 | XOM: 1-stop teleportation journey
 35846 | Spider:3 | Acquired the ring "Ufuerhie" {Will+ rCorr Int+2}
 35899 | Spider:3 | XOM: 5-stop teleportation journey
 36142 | Spider:4 | Entered Level 4 of the Spider Nest
 36180 | Spider:4 | XOM: cleaving
 36195 | Spider:4 | XOM: polymorph mana viper -> deep troll
 36246 | Spider:4 | Reached skill level 12 in Unarmed Combat
 36352 | Spider:4 | Reached skill level 12 in Fighting
 36506 | Spider:4 | XOM: polymorph mana viper -> elephant
 36523 | Spider:4 | XOM: 3-stop teleportation journey
 36548 | Spider:4 | XOM: destruction
 36596 | Spider:4 | Learned a level 2 spell: Lesser Beckoning
 37027 | Spider:4 | XOM: give mutations
 37027 | Spider:4 | Lost mutation: You are somewhat resistant to further
                  | mutation. [Xom's grace]
 37027 | Spider:4 | Gained mutation: You have hidden genetic potential. [Xom's
                  | grace]
 37027 | Spider:4 | Gained mutation: Your system is resistant to poisons.
                  | (rPois) [Xom's grace]
 37027 | Spider:4 | Gained mutation: You are agile. (Dex +4, Str/Int -1) [Xom's
                  | grace]
 37027 | Spider:4 | Gained mutation: Your spells are a little harder to cast,
                  | but a little more powerful. [Xom's grace]
 37179 | Spider:4 | XOM: enchant monster (good)
 37180 | Spider:4 | XOM: polymorph redback -> salamander
 37266 | Spider:4 | XOM: polymorph mana viper -> orb spider
 37418 | Spider:4 | XOM: cast spell 'Summon Hydra'
 37424 | Spider:4 | XOM: polymorph four-headed hydra -> death yak
 37498 | Spider:4 | XOM: silly message
 37536 | Spider:4 | Reached skill level 13 in Unarmed Combat
 37592 | Spider:4 | XOM: give mutations
 37592 | Spider:4 | Lost mutation: You have hidden genetic potential. [Xom's
                  | grace]
 37592 | Spider:4 | Gained mutation: You are somewhat resistant to further
                  | mutation. [Xom's grace]
 37592 | Spider:4 | Gained mutation: Your spells are harder to cast, but more
                  | powerful. [Xom's grace]
 37620 | Spider:4 | Reached skill level 13 in Fighting
 37674 | Spider:4 | Killed by an exploding hornet... ignited by their inner
                  | flame
 37762 | Spider:4 | XOM: give mutations
 37762 | Spider:4 | Lost mutation: Your natural rate of healing is unusually
                  | fast. [Xom's mischief]
 37762 | Spider:4 | Lost mutation: You have a pair of small antennae on your
                  | head. [Xom's mischief]
 37762 | Spider:4 | Lost mutation: You are somewhat resistant to further
                  | mutation. [Xom's mischief]
 37762 | Spider:4 | Lost mutation: You are agile. (Dex +4, Str/Int -1) [Xom's
                  | mischief]
 37923 | Spider:4 | Got a gossamer rune of Zot
 38086 | Lair:3   | XOM: give mutation
 38086 | Lair:3   | Gained mutation: Your muscles are very strong. (Str +8,
                  | Int/Dex -2) [Xom's grace]
 38182 | Shoals:3 | XOM: summons friendly iron imp
 38347 | Shoals:3 | XOM: confuse monster(s)
 38349 | Shoals:3 | Killed Nikola
 38404 | Shoals:3 | XOM: god gift: 713 gold pieces
 38440 | Shoals:4 | Entered Level 4 of the Shoals
 38789 | Shoals:4 | XOM: polymorph merfolk -> torpor snail
 38826 | Shoals:4 | XOM: cast spell 'Dispersal'
 38965 | Shoals:4 | Reached skill level 14 in Unarmed Combat
 39077 | Shoals:4 | Reached skill level 14 in Fighting
 39200 | Shoals:4 | XOM: noise
 39205 | Shoals:4 | XOM: summons 4 hostile demons
 39246 | Shoals:4 | XOM: god gift: gnarled smoking staff {god gift}
 39313 | Shoals:4 | XOM: enchant monster (good)
 39336 | Shoals:4 | Got a barnacled rune of Zot
 39563 | Shoals:4 | Reached XP level 18. HP: 85/88 MP: 15/31
 39716 | Shoals:4 | XOM: stat loss: -1 Dex (29/30)
 40131 | Shoals:4 | XOM: 5-stop teleportation journey
 40186 | Shoals:4 | XOM: polymorph mana viper -> moth of wrath
 40305 | Shoals:4 | Identified the ring of the Locust {*Slow Fly rN+ EV+5
                  | Stlth+}
 40507 | Shoals:4 | XOM: summons 3 hostile demons
 40565 | Shoals:3 | Reached skill level 9 in Spellcasting
 40604 | Shoals:1 | XOM: 2-stop teleportation journey
 40839 | Orc:2    | Bought a ring of protection from fire for 300 gold pieces
 40845 | Orc:2    | Bought a potion of magic for 88 gold pieces
 40892 | Orc:2    | Bought a potion of might for 52 gold pieces
 40892 | Orc:2    | Bought a potion of might for 52 gold pieces
 40892 | Orc:2    | Bought a potion of mutation for 104 gold pieces
 40892 | Orc:2    | Bought 2 potions of magic for 208 gold pieces
 40898 | Elf:1    | Entered Level 1 of the Elven Halls
 41043 | Elf:1    | XOM: scenery: 1 doors close
 41050 | Elf:1    | XOM: cleaving
 41053 | Elf:1    | Reached skill level 8 in Stealth
 41054 | Elf:1    | XOM: cleaving
 41190 | Elf:1    | Noticed Louise
 41198 | Elf:1    | Killed Louise
 41208 | Elf:1    | XOM: polymorph deep elf pyromancer -> culicivora
 41248 | Elf:1    | XOM: cleaving
 41256 | Elf:1    | Reached skill level 9 in Translocations
 41260 | Elf:1    | XOM: give mutations
 41260 | Elf:1    | Gained mutation: Your mind is acute. (Int +4, Str/Dex -1)
                  | [Xom's grace]
 41260 | Elf:1    | Gained mutation: You are robust. (+10% HP) [Xom's grace]
 41260 | Elf:1    | Gained mutation: You possess an exceptional clarity of
                  | mind. [Xom's grace]
 41403 | Elf:1    | XOM: scenery: 1 doors close
 41494 | Elf:1    | Reached skill level 9 in Stealth
 41508 | Elf:1    | XOM: divination: magic mapping
 41590 | Elf:1    | XOM: cloud trail
 41636 | Elf:1    | Found Vonyh's Magic Scroll Shop.
 41639 | Elf:1    | Bought a scroll of blinking for 150 gold pieces
 41639 | Elf:1    | Bought a scroll of fog for 80 gold pieces
 41639 | Elf:1    | Bought a scroll of teleportation for 60 gold pieces
 41639 | Elf:1    | Bought a scroll of revelation for 150 gold pieces
 41639 | Elf:1    | Bought a scroll of revelation for 150 gold pieces
 41882 | Elf:1    | XOM: scenery: 1 doors open, 1 doors close
 41914 | Elf:1    | Reached skill level 10 in Translocations
 42282 | Elf:2    | Reached skill level 11 in Evocations
 42355 | Elf:2    | Found Nair's Antique Armour Shoppe.
 42368 | Elf:2    | XOM: enchant monster (good)
 42373 | Elf:2    | Reached skill level 10 in Stealth
 42498 | Elf:2    | Reached skill level 10 in Spellcasting
 42735 | Elf:2    | Found a huge runed translucent gate.
 42737 | Elf:2    | Found a huge runed translucent gate.
 42737 | Elf:2    | Found a huge runed translucent gate.
 42738 | Elf:2    | Found a huge runed translucent gate.
 42738 | Elf:2    | Found a huge runed translucent gate.
 42810 | Elf:2    | Found Erlang's Dragon-Slaying Spoils.
 42935 | Elf:2    | XOM: cast spell 'Summon Horrible Things'
 42956 | Elf:2    | Reached skill level 11 in Translocations
 43058 | Elf:2    | XOM: god gift: 5 stones
 43062 | Elf:2    | XOM: god gift: 2 potions of enlightenment
 43293 | Elf:2    | Reached skill level 11 in Stealth
 43342 | Elf:2    | Reached XP level 19. HP: 101/101 MP: 28/34
 43488 | Elf:3    | Entered Level 3 of the Elven Halls
 43499 | Elf:3    | Noticed Asterion
 43611 | Elf:3    | Killed Asterion
 43637 | Elf:3    | XOM: 1-stop teleportation journey
 43676 | Elf:3    | Found Sesu Ill's Book Shop.
 43678 | Elf:3    | Paralysed by an air elemental for 1 turns
 43702 | Elf:3    | XOM: 2-stop teleportation journey
 43766 | Elf:3    | Found Juyce's Antique Armour Shop.
 43785 | Elf:3    | Noticed Saint Roka
 43901 | Elf:3    | XOM: cast spell 'Summon Small Mammal'
 43902 | Elf:3    | XOM: cast spell 'Cause Fear'
 43904 | Elf:3    | XOM: potion effect (invisibility)
 43905 | Elf:3    | Killed Saint Roka
 43906 | Elf:3    | Reached skill level 12 in Evocations
 43927 | Elf:3    | Reached skill level 12 in Translocations
 43940 | Elf:3    | XOM: silly message
 44036 | Elf:3    | XOM: potion effect (haste)
 44089 | Elf:3    | Reached skill level 12 in Stealth
 44213 | Elf:3    | XOM: noise
 44907 | Elf:3    | XOM: confuse monster(s)
 45023 | Elf:3    | Noticed Donald
 45040 | Elf:3    | Killed Donald
 45041 | Elf:3    | Reached skill level 11 in Spellcasting
 45167 | Elf:3    | XOM: confuse monster(s)
 45191 | Elf:3    | XOM: scenery: 1 doors close
 45352 | Elf:3    | XOM: god gift: ring of positive energy
 45413 | Elf:3    | XOM: give mutations
 45413 | Elf:3    | Gained mutation: You are resistant to electric shocks.
                  | (rElec) [Xom's grace]
 45413 | Elf:3    | Gained mutation: You have hidden genetic potential. [Xom's
                  | grace]
 45413 | Elf:3    | Gained mutation: You have a pair of small horns on your
                  | head. [Xom's grace]
 45563 | Elf:3    | Reached skill level 13 in Translocations
 45571 | Elf:3    | XOM: confuse monster(s)
 45578 | Elf:3    | Identified the +7 scale mail of the Quahog {Str+3 Dex+2
                  | Stlth+}
 45578 | Elf:3    | Identified the ring of Galyufid {Wiz rElec rPois Str-3}
 45591 | Elf:3    | Reached skill level 13 in Stealth
 45796 | Elf:3    | XOM: divination: magic mapping
 45850 | Elf:3    | Noticed Norris
 45863 | Elf:3    | XOM: chaos upgrade
 45867 | Elf:3    | Killed Norris
 45867 | Elf:3    | Lost mutation: You are robust. (+10% HP) [a neqoxec]
 45868 | Elf:3    | XOM: noise
 45871 | Elf:3    | Reached skill level 13 in Evocations
 45942 | Elf:3    | Found Kolor's Antique Weapon Shop.
 46827 | Elf:3    | Got the Parchment of the Boggart and Curses
 46842 | Elf:3    | Got Toroyggav's Octavo of Bewitchment and the Morgue
 46847 | Elf:3    | Identified the staff of the Blessed Realm {Drain Str+5
                  | Stlth+ Earth}
 47121 | Vaults:1 | Entered Level 1 of the Vaults
 47248 | Vaults:1 | Found Fiseucith's Magic Scroll Shop.
 47257 | Vaults:1 | Bought a scroll of butterflies for 72 gold pieces
 47257 | Vaults:1 | Bought a scroll of blinking for 135 gold pieces
 47257 | Vaults:1 | Bought a scroll of silence for 171 gold pieces
 47257 | Vaults:1 | Bought a scroll of blinking for 135 gold pieces
 47257 | Vaults:1 | Bought a scroll of immolation for 72 gold pieces
 47284 | Vaults:1 | XOM: enchant monster (bad)
 47681 | Vaults:1 | XOM: potion effect (haste)
 47684 | Vaults:1 | Reached skill level 14 in Translocations
 47690 | Vaults:1 | Reached skill level 14 in Stealth
 47690 | Vaults:1 | Reached XP level 20. HP: 96/96 MP: 27/36
 47921 | Vaults:1 | XOM is BORED!
 48054 | Vaults:1 | Found a runed translucent gate.
 48054 | Vaults:1 | Found a runed translucent gate.
 48054 | Vaults:1 | Found a runed translucent gate.
 48056 | Vaults:1 | Noticed SkaryMonk's ghost (adept AtWr)
 48149 | Vaults:1 | XOM: 6-stop teleportation journey
 48201 | Vaults:1 | Reached skill level 12 in Spellcasting
 48264 | Vaults:1 | Identified the +1 scale mail of Tuwketuoji {Regen+}
 48464 | Vaults:1 | XOM: silly message
 48732 | Vaults:1 | XOM: cast spell 'Summon Small Mammal'
 48757 | Vaults:1 | Killed SkaryMonk's ghost
 48809 | Vaults:1 | XOM: noise
 48840 | Vaults:1 | XOM: summons 7 hostile demons
 48883 | Vaults:1 | Identified the ring "Reqo" {MP+9 Str-2 Dex+3 Slay+2 Stlth+}
 48921 | Vaults:1 | XOM: give mutations
 48921 | Vaults:1 | Lost mutation: Your body sometimes deteriorates upon taking
                  | damage. [Xom's mischief]
 48921 | Vaults:1 | Lost mutation: Your muscles are very strong. (Str +8,
                  | Int/Dex -2) [Xom's mischief]
 48921 | Vaults:1 | Lost mutation: You expend magic power (3 MP) to strengthen
                  | your wands. [Xom's mischief]
 48921 | Vaults:1 | Lost mutation: Your mind is acute. (Int +4, Str/Dex -1)
                  | [Xom's mischief]
 48951 | Vaults:2 | XOM: smoke on damage
 48959 | Vaults:2 | Reached skill level 14 in Evocations
 49087 | Vaults:2 | XOM: give mutations
 49087 | Vaults:2 | Gained mutation: You have a pair of horns on your head.
                  | [Xom's mischief]
 49087 | Vaults:2 | Gained mutation: You are frail. (-10% HP) [Xom's mischief]
 49191 | Vaults:2 | XOM: give mutations
 49191 | Vaults:2 | Lost mutation: You are resistant to electric shocks.
                  | (rElec) [Xom's mischief]
 49191 | Vaults:2 | Lost mutation: You are frail. (-10% HP) [Xom's mischief]
 49191 | Vaults:2 | Lost mutation: You have hidden genetic potential. [Xom's
                  | mischief]
 49191 | Vaults:2 | Gained mutation: You are somewhat resistant to further
                  | mutation. [Xom's mischief]
 49277 | Vaults:2 | XOM: summons 7 hostile demons
 49428 | Vaults:2 | Noticed a bone dragon
 49430 | Vaults:2 | Found a staircase to the Crypt.
 49431 | Vaults:2 | Killed a bone dragon
 49658 | Vaults:2 | XOM: chaos upgrade
 49728 | Vaults:2 | XOM: stat loss: -1 Str (11/12)
 50050 | Vaults:2 | XOM: summons 1 hostile shadow creature
 50092 | Vaults:2 | Reached skill level 13 in Spellcasting
 50162 | Vaults:2 | XOM: silly message
 50213 | Vaults:2 | XOM: summons 3 friendly demons
 50473 | Vaults:2 | Reached skill level 11 in Summonings
 51123 | Vaults:3 | Identified the serpent talisman of Bedazzled Knowledge
                  | {rElec rF+}
 51123 | Vaults:3 | Noticed Aizul
 51133 | Vaults:3 | Killed Aizul
 51214 | Vaults:3 | XOM: swap monsters
 51274 | Vaults:3 | XOM: cloud trail
 51481 | Vaults:3 | XOM: enchant monster (bad)
 51488 | Vaults:3 | Reached skill level 12 in Summonings
 51550 | Vaults:3 | XOM: blink monster(s)
 51551 | Vaults:3 | XOM: summons 11 hostile demons
 51554 | Vaults:3 | XOM: chaos upgrade
 51610 | Vaults:3 | Found Waggon's Armour Shop.
 51705 | Vaults:3 | XOM: summons friendly iron imp
 51710 | Vaults:3 | XOM: god gift: 2 datura-tipped darts
 51713 | Vaults:3 | Reached XP level 21. HP: 98/100 MP: 27/39
 51943 | Vaults:4 | Reached skill level 14 in Spellcasting
 51943 | Vaults:4 | XOM: give mutations
 51943 | Vaults:4 | Gained mutation: Your mind is acute. (Int +4, Str/Dex -1)
                  | [Xom's grace]
 51943 | Vaults:4 | Gained mutation: You have a pair of large horns on your
                  | head. [Xom's grace]
 51943 | Vaults:4 | Gained mutation: You expend magic power (3 MP) to
                  | strengthen your wands. [Xom's grace]
 52088 | Vaults:4 | XOM: summons 7 friendly demons
 52161 | Vaults:4 | XOM: god gift: wand of light (5)
 52168 | Vaults:4 | Reached skill level 13 in Summonings
 52251 | Vaults:4 | XOM: god gift: scale mail {god gift}
 52257 | Vaults:4 | XOM: polymorph yaktaur captain -> catoblepas
 52307 | Vaults:4 | XOM: god gift: potion of lignification
 52376 | Vaults:4 | XOM: summons friendly orange demon
 52422 | Vaults:4 | XOM: polymorph orange demon -> ice devil
 52423 | Vaults:4 | Found a huge runed gate.
 52423 | Vaults:4 | Found a huge runed gate.
 52423 | Vaults:4 | Found a huge runed gate.
 52424 | Vaults:4 | Found a huge runed gate.
 52424 | Vaults:4 | Found a huge runed gate.
 52424 | Vaults:4 | Found a huge runed gate.
 52429 | Vaults:4 | Found a huge runed gate.
 52429 | Vaults:4 | Found a huge runed gate.
 52429 | Vaults:4 | Found a huge runed gate.
 52429 | Vaults:4 | Found a huge runed gate.
 53041 | Vaults:4 | Reached skill level 14 in Summonings
 53086 | Vaults:4 | XOM: 1-stop teleportation journey
 53198 | Vaults:4 | XOM: divination: detect items
 53353 | Vaults:4 | XOM: 2-stop teleportation journey
 53435 | Vaults:4 | XOM is BORED!
 53435 | Vaults:4 | XOM: give mutations
 53435 | Vaults:4 | Gained mutation: You are vulnerable to heat. (rF-) [Xom's
                  | mischief]
 53435 | Vaults:4 | Lost mutation: Your spells are harder to cast, but more
                  | powerful. [Xom's mischief]
 53435 | Vaults:4 | Lost mutation: Your system is resistant to poisons. (rPois)
                  | [Xom's mischief]
 53435 | Vaults:4 | Lost mutation: You have a pair of large horns on your head.
                  | [Xom's mischief]
 53440 | Vaults:4 | Found a huge runed gate.
 53441 | Vaults:4 | Found a huge runed gate.
 53442 | Vaults:4 | Found a huge runed gate.
 53442 | Vaults:4 | Found a huge runed gate.
 53442 | Vaults:4 | Found a huge runed gate.
 53443 | Vaults:4 | Found a huge runed gate.
 53443 | Vaults:4 | Found a huge runed gate.
 53443 | Vaults:4 | Found a huge runed gate.
 53443 | Vaults:4 | Found a huge runed gate.
 53445 | Vaults:4 | Found a huge runed gate.
 53445 | Vaults:4 | Found a huge runed gate.
 53445 | Vaults:4 | Found a huge runed gate.
 53445 | Vaults:4 | Found a huge runed gate.
 53445 | Vaults:4 | Found a huge runed gate.
 53445 | Vaults:4 | Found a huge runed gate.
 53446 | Vaults:4 | Found a huge runed gate.
 53447 | Vaults:4 | Found a huge runed gate.
 53466 | Vaults:4 | XOM: divination: detect items
 53508 | Vaults:4 | Found a huge runed gate.
 53508 | Vaults:4 | Found a huge runed gate.
 53508 | Vaults:4 | Found a huge runed gate.
 53508 | Vaults:4 | Found a huge runed gate.
 53508 | Vaults:4 | Found a huge runed gate.
 53508 | Vaults:4 | Found a huge runed gate.
 53509 | Vaults:4 | Found a huge runed gate.
 53510 | Vaults:4 | Found a huge runed gate.
 53511 | Vaults:4 | Found a huge runed gate.
 53702 | Vaults:4 | XOM: silly message
 53725 | Vaults:4 | XOM: give mutations
 53725 | Vaults:4 | Gained mutation: You are agile. (Dex +4, Str/Int -1) [Xom's
                  | grace]
 53725 | Vaults:4 | Gained mutation: Your mind is very acute. (Int +8, Str/Dex
                  | -2) [Xom's grace]
 53725 | Vaults:4 | Gained mutation: You have a pair of large horns on your
                  | head. [Xom's grace]
 53773 | Vaults:4 | XOM: divination: detect creatures
 53788 | Vaults:4 | XOM: 1-stop teleportation journey
 54081 | Vaults:4 | XOM: silly message
 54245 | D:14     | XOM: god gift: wand of light (5)
 54325 | Depths:1 | Entered Level 1 of the Depths
 54357 | Depths:1 | Found a runed translucent gate.
 54357 | Depths:1 | Found a runed translucent gate.
 54357 | Depths:1 | Found a runed translucent gate.
 54432 | Depths:1 | Found a portal to a secret trove of treasure.
 54443 | Depths:1 | You paid a toll of 4 scrolls of blinking to enter a
                  | treasure trove
 54444 | Trove    | Entered a treasure trove
 54458 | Trove    | Got the Commentary on Fulmination
 54461 | Trove    | Got the Codex of Ill-fated Blight
 54464 | Trove    | Got Fetit's Elucidation of the Shot
 54480 | Trove    | Got the Codex of Translocational Bones
 54489 | Trove    | Got Sif Muna's Volume of Supportive Destruction
 54502 | Trove    | Got the Information on Lethal Injury
 54535 | Depths:1 | Learned a level 6 spell: Dispersal
 54541 | Depths:1 | Learned a level 5 spell: Silence
 54573 | Depths:1 | XOM: silly message
 54726 | Depths:1 | XOM: 1-stop teleportation journey
 54734 | Depths:1 | XOM: confuse monster(s)
 54782 | Depths:1 | XOM: polymorph mana viper -> jorogumo
 54964 | Depths:1 | Found a runed translucent door.
 54964 | Depths:1 | Noticed Lapib's ghost (veteran MfIE)
 55141 | Depths:1 | Identified the +3 demon trident "Maeromaf" {freeze, rF+
                  | rN++}
 55244 | Depths:1 | Found a broken altar of Ashenzari.
 55359 | Depths:1 | XOM: potion effect (might)
 55360 | Depths:1 | XOM: polymorph cyan very ugly thing -> red very ugly thing
 55362 | Depths:1 | XOM: give mutations
 55362 | Depths:1 | Lost mutation: You are completely covered in iridescent
                  | scales. (AC +6) [Xom's mischief]
 55362 | Depths:1 | Lost mutation: Your spells are a little harder to cast, but
                  | a little more powerful. [Xom's mischief]
 55362 | Depths:1 | Lost mutation: You have a pair of large horns on your head.
                  | [Xom's mischief]
 55362 | Depths:1 | Lost mutation: You are mostly covered in iridescent scales.
                  | (AC +4) [Xom's mischief]
 55425 | Depths:1 | Found a gateway to Hell.
 55672 | Depths:1 | XOM: summons 7 hostile demons
 55709 | Depths:2 | Found a bloodstained altar of Trog.
 55729 | Depths:2 | Reached skill level 1 in Ice Magic
 55780 | Depths:2 | Reached skill level 1 in Air Magic
 55793 | Depths:2 | XOM: swap monsters
 56210 | Depths:2 | Reached skill level 2 in Ice Magic
 56210 | Depths:2 | Reached skill level 2 in Air Magic
 56219 | Depths:2 | XOM: 2-stop teleportation journey
 56229 | Depths:2 | XOM: polymorph mana viper -> broodmother
 56237 | Depths:2 | XOM: give mutations
 56237 | Depths:2 | Lost mutation: You are agile. (Dex +4, Str/Int -1) [Xom's
                  | mischief]
 56237 | Depths:2 | Lost mutation: You have a pair of horns on your head.
                  | [Xom's mischief]
 56237 | Depths:2 | Gained mutation: Your system is resistant to poisons.
                  | (rPois) [Xom's mischief]
 56257 | Depths:2 | XOM: swap monsters
 56286 | Depths:2 | XOM: 2-stop teleportation journey
 56298 | Depths:2 | XOM: summons 11 hostile demons
 56452 | Depths:2 | Found Jyid's Book Shoppe.
 56462 | Depths:2 | Bought a book of Party Tricks for 396 gold pieces
 56464 | Depths:2 | Learned a level 1 spell: Apportation
 56468 | Depths:2 | Learned a level 3 spell: Ozocubu's Armour
 56579 | Depths:2 | Found a one-way gate leading to the halls of Pandemonium.
 56719 | Depths:2 | Reached skill level 3 in Ice Magic
 56831 | Depths:2 | Reached skill level 3 in Air Magic
 57091 | Depths:2 | XOM: give mutations
 57091 | Depths:2 | Lost mutation: You have a pair of small horns on your head.
                  | [Xom's mischief]
 57091 | Depths:2 | Gained mutation: You are clumsy. (Dex -2) [Xom's mischief]
 57091 | Depths:2 | Lost mutation: You are somewhat resistant to further
                  | mutation. [Xom's mischief]
 57091 | Depths:2 | Lost mutation: You are clumsy. (Dex -2) [Xom's mischief]
 57548 | Depths:3 | Noticed Parghit
 57551 | Depths:3 | Parghit changed into Parghit the titan
 57551 | Depths:3 | Noticed Parghit
 57551 | Depths:3 | XOM: butterfly on damage
 57553 | Depths:3 | Parghit the titan changed into Parghit the shard shrike
 57553 | Depths:3 | Noticed Parghit
 57553 | Depths:3 | XOM: polymorph Parghit the titan -> Parghit the shard
                  | shrike
 57557 | Depths:3 | XOM: fake destruction
 57560 | Depths:3 | Parghit the shard shrike changed into Parghit the
                  | shapeshifter
 57560 | Depths:3 | Noticed Parghit (shapeshifter)
 57561 | Depths:3 | Parghit the shapeshifter changed into Parghit the rime
                  | drake
 57561 | Depths:3 | Noticed Parghit (shapeshifter)
 57566 | Depths:3 | Killed Parghit the rime drake
 57804 | Depths:3 | Found a one-way gateway to a ziggurat.
 58161 | Depths:3 | Noticed a caustic shrike
 58161 | Depths:3 | Noticed a caustic shrike
 58161 | Depths:3 | Noticed a caustic shrike
 58161 | Depths:3 | Noticed a caustic shrike
 58161 | Depths:3 | Noticed a caustic shrike
 58161 | Depths:3 | Noticed a caustic shrike
 58202 | Depths:3 | Reached skill level 4 in Ice Magic
 58217 | Depths:3 | Killed a caustic shrike
 58218 | Depths:3 | Reached skill level 4 in Air Magic
 58218 | Depths:3 | Reached XP level 22. HP: 104/104 MP: 27/41
 58245 | Depths:3 | XOM: polymorph sphinx -> iron giant
 58253 | Depths:3 | Killed a caustic shrike
 58382 | Depths:3 | XOM: give mutations
 58382 | Depths:3 | Lost mutation: You expend magic power (3 MP) to strengthen
                  | your wands. [Xom's mischief]
 58382 | Depths:3 | Lost mutation: You are vulnerable to heat. (rF-) [Xom's
                  | mischief]
 58466 | Depths:3 | XOM: polymorph mana viper -> ettin
 58490 | Depths:3 | Reached skill level 5 in Ice Magic
 58499 | Depths:3 | Reached skill level 5 in Air Magic
 58698 | Depths:3 | Found a one-way gate to the infinite horrors of the Abyss.
 58745 | Depths:3 | XOM: destruction
 58752 | Depths:3 | Killed a caustic shrike
 58766 | Depths:3 | XOM: enchant monster (good)
 58780 | Depths:2 | Slain by a cyan very ugly thing
 59105 | Depths:2 | XOM: confuse monster(s)
 59333 | Depths:3 | Killed a caustic shrike
 59371 | Depths:3 | Reached skill level 6 in Ice Magic
 59381 | Depths:3 | Reached skill level 6 in Air Magic
 59555 | Depths:3 | XOM: scenery: 1 doors close
 59559 | Depths:3 | XOM: smoke on damage
 59560 | Depths:3 | XOM: fog
 59682 | Depths:3 | Identified the +1 leather armour of Objectivity {rN+ Will+}
 59727 | Depths:4 | Entered Level 4 of the Depths
 59820 | Depths:4 | Noticed Sojobo
 59820 | Depths:4 | XOM: 2-stop teleportation journey
 59957 | Depths:4 | Acquired 483 gold pieces
 59970 | Depths:4 | XOM: fog
 59983 | Depths:4 | Noticed Vv
 59999 | Depths:4 | Killed Vv
 60486 | Depths:4 | Reached skill level 7 in Ice Magic
 60540 | Depths:4 | Learned a level 5 spell: Irradiate
 60557 | Depths:4 | XOM: god gift: wand of iceblast (2)
 60562 | Depths:4 | Found a gate to the Realm of Zot.
 60611 | Depths:4 | Reached skill level 1 in Transmutations
 60616 | Depths:4 | Reached skill level 1 in Conjurations
 60679 | Depths:4 | Reached skill level 2 in Transmutations
 60737 | Depths:4 | Found Cevuuk's Self-Published Books.
 60743 | Depths:4 | Bought the Precepts of Legendary Spells, Part IX for 902
                  | gold pieces
 60749 | Depths:4 | Learned a level 4 spell: Vhi's Electric Charge
 60783 | Depths:4 | Found a transporter.
 60783 | Depths:4 | Noticed Causaover's ghost (veteran TeGl)
 60813 | Depths:4 | Found a transporter.
 60866 | Depths:4 | Killed Sojobo
 60867 | Depths:4 | Reached skill level 2 in Conjurations
 60881 | Depths:4 | Reached skill level 3 in Transmutations
 61059 | Depths:4 | XOM: god gift: wand of light (6)
 61216 | Depths:4 | XOM: god gift: 37 gold pieces
 61482 | Vaults:2 | XOM: god gift: 2 darts of dispersal
 61505 | Crypt:1  | Entered Level 1 of the Crypt
 61506 | Crypt:1  | Found a basalt altar of Yredelemnul.
 61514 | Crypt:1  | XOM: god gift: 6 stones
 61534 | Crypt:1  | Reached skill level 3 in Conjurations
 61569 | Crypt:1  | XOM: fake destruction
 61580 | Vaults:2 | Reached skill level 4 in Transmutations
 61611 | Vaults:2 | XOM: cast spell 'Summon Cactus Giant'
 61853 | Crypt:1  | Reached skill level 4 in Conjurations
 61901 | Crypt:1  | XOM: 7-stop teleportation journey
 61927 | Crypt:1  | Reached skill level 5 in Transmutations
 61975 | Crypt:1  | You fall into a shaft and drop 1 floor!
 61998 | Crypt:2  | Found a transporter.
 62183 | Crypt:1  | XOM: give mutation
 62183 | Crypt:1  | Gained mutation: You are somewhat resistant to further
                  | mutation. [Xom's grace]
 62240 | Crypt:1  | Reached skill level 6 in Transmutations
 62249 | Crypt:1  | Reached skill level 5 in Conjurations
 62476 | Crypt:1  | XOM: scenery: create altars
 62484 | Crypt:1  | XOM: divination: detect items
 62608 | Crypt:1  | XOM: god gift: potion of brilliance
 62721 | Crypt:1  | XOM: cloud trail
 62776 | Crypt:1  | XOM: scenery: 2 fountains blood, 1 doors close
 62915 | Crypt:2  | XOM: summons 1 friendly demon
 62940 | Crypt:2  | XOM: fake destruction
 62951 | Crypt:2  | Reached skill level 7 in Transmutations
 63094 | Crypt:2  | Found a transporter.
 63153 | Crypt:2  | Reached skill level 6 in Conjurations
 63534 | Crypt:2  | XOM: divine lightning
 63535 | Crypt:2  | Reached XP level 23. HP: 108/108 MP: 30/42
 63535 | Crypt:2  | XOM: scenery: create altars
 63563 | Crypt:2  | XOM: smoke on damage
 63652 | Crypt:2  | Noticed an ancient lich
 63785 | Crypt:2  | Reached skill level 8 in Transmutations
 63785 | Crypt:2  | XOM: noise
 63827 | Crypt:2  | XOM: summons 1 hostile demon
 63844 | Crypt:2  | XOM: swap monsters
 63849 | Crypt:2  | Killed an ancient lich
 63850 | Crypt:2  | Reached skill level 7 in Conjurations
 64024 | Crypt:2  | Identified the ring "Jeimi" {rCorr Dex+2 SInv}
 64050 | Crypt:2  | Identified the ring of Dawn {Ice Str+3}
 64090 | Crypt:2  | XOM: give mutations
 64090 | Crypt:2  | Lost mutation: Your mind is very acute. (Int +8, Str/Dex
                  | -2) [Xom's mischief]
 64090 | Crypt:2  | Gained mutation: You expend magic power (3 MP) to
                  | strengthen your wands. [Xom's mischief]
 64108 | Crypt:3  | Entered Level 3 of the Crypt
 64113 | Crypt:3  | Reached skill level 9 in Transmutations
 64127 | Crypt:3  | XOM: silly message
 64221 | Crypt:2  | XOM: cast spell 'Cause Fear'
 64517 | Crypt:3  | Noticed a curse toe
 64518 | Crypt:3  | Reached skill level 8 in Conjurations
 64518 | Crypt:3  | XOM: silly message
 64617 | Crypt:3  | Noticed a curse toe
 64628 | Crypt:2  | Killed a curse toe
 64717 | Crypt:3  | XOM: divination: detect creatures
 64812 | Crypt:2  | Killed a curse toe
 64889 | Crypt:2  | XOM: silly message
 65064 | Crypt:3  | Reached skill level 10 in Transmutations
 65384 | Crypt:3  | XOM: potion effect (brilliance)
 65408 | Crypt:2  | XOM: cloud trail
 65555 | Crypt:3  | Identified the ring "Nixyelyd" {+Blink rF+ rN+}
 65934 | Crypt:3  | Reached skill level 9 in Conjurations
 66041 | Crypt:3  | Identified the serpent talisman "Ceosh" {rC++ Dex+3 Slay-3
                  | Stlth+}
 66241 | Crypt:3  | Found the +8 demon trident "Rift" {distort, reach+}
 66347 | Crypt:3  | XOM: noise
 66451 | Crypt:3  | Found a staircase to the Tomb.
 66617 | Crypt:3  | Noticed a dread lich
 66617 | Crypt:3  | Noticed an ancient lich
 66617 | Crypt:3  | XOM: confuse monster(s)
 66629 | Crypt:3  | XOM: divination: detect items
 66630 | Crypt:3  | Killed a dread lich
 66631 | Crypt:3  | Reached skill level 11 in Transmutations
 66633 | Crypt:3  | XOM: cast spell 'Summon Small Mammal'
 66638 | Crypt:3  | XOM: divination: detect items
 66644 | Crypt:3  | Killed an ancient lich
 66650 | Crypt:3  | XOM: divination: detect items
 66771 | Crypt:3  | XOM: divination: magic mapping
 66786 | Crypt:3  | Identified the ring of Has Gima {rPois rN+ Int-5 Dex+5
                  | Stlth-}
 66786 | Crypt:3  | Identified the ring of the Harvest {*Slow rC+ rN+ rCorr
                  | Dex+4}
 67001 | Vaults:5 | Entered Level 5 of the Vaults
 67019 | Vaults:5 | Noticed an ancient lich
 67025 | Vaults:5 | Killed an ancient lich
 67127 | Vaults:5 | Reached skill level 10 in Conjurations
 67155 | Vaults:5 | Got a silver rune of Zot
 67263 | Vaults:5 | Reached skill level 12 in Transmutations
 67278 | Vaults:5 | XOM: silly message
 67511 | Vaults:5 | XOM is BORED!
 67511 | Vaults:5 | XOM: chaos upgrade
 67570 | Vaults:5 | Found Biacza's Antique Weapon Boutique.
 67621 | Vaults:5 | Reached skill level 13 in Transmutations
 67752 | Vaults:5 | XOM: silly message
 67766 | Vaults:5 | XOM: silly message
 67812 | Vaults:5 | Identified the +11 dire flail of Integrity {freeze, Dex+3}
 68068 | Vaults:5 | XOM: polymorph mana viper -> slime creature
 68128 | Vaults:5 | Reached skill level 14 in Transmutations
 68130 | Vaults:5 | XOM: 1-stop teleportation journey
 68231 | Vaults:5 | XOM: noise
 68243 | Vaults:5 | Noticed a dread lich
 68252 | Vaults:5 | XOM: divination: magic mapping
 68270 | Vaults:5 | Killed a dread lich
 68271 | Vaults:5 | Reached XP level 24. HP: 112/112 MP: 34/42
 68306 | Vaults:5 | XOM: cast spell 'Leda's Liquefaction'
 68415 | Vaults:5 | XOM: god gift: potion of might
 68523 | Vaults:5 | XOM: give mutation
 68523 | Vaults:5 | Gained mutation: Your flesh is heat resistant. (rF+) [Xom's
                  | grace]
 68671 | Vaults:5 | Noticed a dread lich
 68673 | Vaults:5 | XOM: potion effect (haste)
 68680 | Vaults:5 | XOM: divine lightning
 68681 | Vaults:5 | Killed a dread lich
 68854 | Vaults:5 | XOM: polymorph vault warden -> iron dragon
 68856 | Vaults:5 | XOM: 1-stop teleportation journey
 68904 | Vaults:5 | Reached skill level 8 in Ice Magic
 68916 | Vaults:5 | XOM: god gift: staff of conjuration
 68919 | Vaults:5 | Noticed an ancient lich
 68920 | Vaults:5 | XOM: confuse monster(s)
 68922 | Vaults:5 | XOM: 9-stop teleportation journey
 69198 | Vaults:5 | XOM: give mutation
 69198 | Vaults:5 | Gained mutation: Your flesh is cold resistant. (rC+) [Xom's
                  | grace]
 69254 | Vaults:5 | XOM: summons friendly ufetubus
 69261 | Vaults:5 | Killed an ancient lich
 69262 | Vaults:5 | Reached skill level 11 in Conjurations
 69316 | Vaults:5 | Found the +9 scales of the Dragon King {rPois rF+ rC+
                  | Will+}
 69483 | Vaults:5 | XOM: divination: detect items
 70148 | Vaults:5 | Reached skill level 9 in Ice Magic
 70471 | Vaults:5 | XOM: cloud trail
 70480 | Vaults:5 | Identified the +1 robe of Lethargy {Dex+2}
 70841 | Orc:2    | XOM: cloud trail
 70851 | Orc:2    | Bought an amulet of regeneration for 360 gold pieces
 71246 | Zot:1    | Entered Level 1 of the Realm of Zot
 71249 | Zot:1    | XOM: scenery: create altars
 71320 | Zot:1    | XOM: polymorph mana viper -> goliath frog
 71367 | Zot:1    | XOM: chaos upgrade
 71651 | Zot:1    | Reached skill level 12 in Conjurations
 71680 | Zot:1    | XOM: noise
 71683 | Zot:1    | Reached skill level 10 in Ice Magic
 71774 | Zot:1    | XOM: 2-stop teleportation journey
 72153 | Zot:1    | XOM: 5-stop teleportation journey
 72858 | Zot:1    | Identified the +1 pair of gloves of Trumpets {rElec rF++
                  | Will+}
 73088 | Zot:1    | XOM: silly message
 73217 | Zot:1    | XOM: noise
 73409 | Zot:1    | Reached skill level 11 in Ice Magic
 73426 | Zot:1    | Reached skill level 13 in Conjurations
 73490 | Zot:1    | XOM: smoke on damage
 73806 | Zot:4    | XOM: confuse monster(s)
 73814 | Zot:4    | Reached XP level 25. HP: 115/115 MP: 42/42
 73943 | Zot:4    | XOM: smoke on damage
 73950 | Zot:4    | XOM: summons 9 friendly demons
 74122 | Zot:4    | XOM: cloud trail
 74368 | Zot:4    | Reached skill level 12 in Ice Magic
 74426 | Zot:4    | Noticed a Killer Klown
 74435 | Zot:4    | Killed a Killer Klown
 74503 | Zot:4    | XOM: divination: magic mapping
 74607 | Zot:4    | Found a stormy altar of Qazlal.
 74826 | Zot:4    | XOM: smoke on damage
 74839 | Zot:4    | Reached skill level 14 in Conjurations
 75113 | Zot:4    | XOM: noise
 75158 | Zot:4    | XOM: polymorph mana viper -> steelbarb worm
 75166 | Zot:4    | XOM: polymorph white draconian stormcaller -> fenstrider
                  | witch
 75172 | Zot:4    | XOM: potion effect (heal wounds)
 75244 | Zot:4    | Got the Compilation of the Zealot
 75387 | Zot:5    | Entered Level 5 of the Realm of Zot
 75410 | Zot:5    | Found a huge runed gate.
 75410 | Zot:5    | Found a huge runed gate.
 75410 | Zot:5    | Found a huge runed gate.
 75411 | Zot:5    | Found a huge runed gate.
 75411 | Zot:5    | Found a huge runed gate.
 75412 | Zot:5    | Found a huge runed gate.
 75412 | Zot:5    | Found a huge runed gate.
 75433 | Zot:5    | Found a huge runed gate.
 75433 | Zot:5    | Found a huge runed gate.
 75446 | Zot:5    | Found a huge runed gate.
 75446 | Zot:5    | Found a huge runed gate.
 75446 | Zot:5    | Found a huge runed gate.
 75446 | Zot:5    | Found a huge runed gate.
 75446 | Zot:5    | Found a huge runed gate.
 75447 | Zot:5    | Found a huge runed gate.
 75447 | Zot:5    | Found a huge runed gate.
 75583 | Zot:5    | Found a huge runed gate.
 75584 | Zot:5    | Found a huge runed gate.
 75585 | Zot:5    | Found a huge runed gate.
 75586 | Zot:5    | Found a huge runed gate.
 75587 | Zot:5    | Found a huge runed gate.
 75588 | Zot:5    | Found a huge runed gate.
 75589 | Zot:5    | Found a huge runed gate.
 75590 | Zot:5    | Found a huge runed gate.
 75591 | Zot:5    | Found a huge runed gate.
 75594 | Zot:5    | Noticed a Killer Klown
 75594 | Zot:5    | Noticed a Killer Klown
 75594 | Zot:5    | Noticed a Killer Klown
 75594 | Zot:5    | Noticed a Killer Klown
 75594 | Zot:5    | Found a huge runed gate.
 75594 | Zot:5    | Found a huge runed gate.
 75594 | Zot:5    | Found a huge runed gate.
 75594 | Zot:5    | Found a huge runed gate.
 75594 | Zot:5    | Found a huge runed gate.
 75594 | Zot:5    | Found a huge runed gate.
 75780 | Zot:5    | Reached skill level 13 in Ice Magic
 75780 | Zot:5    | Noticed a Killer Klown
 75780 | Zot:5    | Noticed an orb of fire
 75780 | Zot:5    | Noticed a dread lich
 75780 | Zot:5    | Noticed an orb of fire
 75780 | Zot:5    | Noticed a dread lich
 75780 | Zot:5    | Noticed a dread lich
 75780 | Zot:5    | Noticed a dread lich
 75780 | Zot:5    | Noticed an ancient lich
 75780 | Zot:5    | Noticed a Killer Klown
 75780 | Zot:5    | XOM: 5-stop teleportation journey
 75781 | Zot:5    | Noticed an orb of fire
 75781 | Zot:5    | Noticed an orb of fire
 75788 | Zot:5    | Got the Orb of Zot
 75792 | Zot:5    | XOM: summons friendly iron imp
 75792 | Zot:5    | Mangled by an Orb Guardian
 75831 | Zot:4    | Noticed Loniorei the pandemonium lord
 75847 | Zot:4    | Killed Loniorei the pandemonium lord
 75997 | Zot:1    | XOM: give mutation
 75997 | Zot:1    | Lost mutation: You possess an exceptional clarity of mind.
                  | [Xom's mischief]
 76132 | Depths:2 | Noticed Riofih the pandemonium lord
 76253 | D:15     | Noticed Opne the pandemonium lord
 76313 | D:13     | Noticed Dyifos the pandemonium lord
 76317 | D:13     | XOM: polymorph Dyifos -> Dyifos
 76323 | D:13     | XOM: summons friendly white imp
 76329 | D:13     | Killed Dyifos the pandemonium lord
 76352 | D:12     | Noticed Pethreif the pandemonium lord
 76461 | D:6      | XOM: summons friendly shadow imp
 76550 | D:3      | XOM: give mutations
 76550 | D:3      | Gained mutation: You are agile. (Dex +4, Str/Int -1) [Xom's
                  | grace]
 76550 | D:3      | Gained mutation: Your mind is very acute. (Int +8, Str/Dex
                  | -2) [Xom's grace]
 76550 | D:3      | Lost mutation: You are somewhat resistant to further
                  | mutation. [Xom's grace]
 76550 | D:3      | Gained mutation: You have hidden genetic potential. [Xom's
                  | grace]
 76550 | D:3      | Gained mutation: You are resistant to electric shocks.
                  | (rElec) [Xom's grace]
 76600 | D:1      | Noticed a seraph
 76626 | D:$      | Escaped with the Orb!

Illustrated notes

Levels and vault maps discovered:
D:1:      wander_arrival_desolate, layout_loops_ring
D:2:      layout_basic, shapermc_ecumenical_altar_notcrosses,
          minmay_pentomino_pile
D:3:      layout_loops_cross, mainiacjoe_overflow_divided_tiny,
          lemuel_doored_altar, hangedman_ru_absence, roderic_serpentine_path,
          dk_noncrumbling_2, minmay_door_square
D:4:      layout_basic, minmay_temple_entry_waves,
          mainiacjoe_ossuary_entry_dusty_tomb, hangedman_abyss_or_decor_slice,
          uniq_pikel
D:5:      wander_river, layout_basic, serial_shops,
          nicolae_shop_pleasant_corner_grove, nicolae_shop_peninsula, shop
D:6:      layout_loops_ring, minmay_misc_feat_plants
D:7:      layout_rooms, kb_xom_exploding_sheep, mainiacjoe_overflow_paths,
          dilly_guarded_unrand_morg
D:8:      wad_river_or_something, layout_loops_ring, nemelex_spade_bored_becter,
          kennysheep_little_box, lair_entry_dummy, minmay_misc_feat_iff,
          uniq_amaemon
D:9:      layout_cave_pods, kiku_gazebo_pond_becter
D:10:     hangedman_cross_cluster, layout_loops_cross, grunt_ogre_cave,
          st_stairs_3, minmay_misc_feat_rugged
D:11:     minmay_the_grid_triangle_9x9_recursive_2_mashed
          [minmay_the_grid_triangle_9x9_prize_center,
          minmay_the_grid_triangle_9x9_steps,
          minmay_the_grid_triangle_9x9_corrupted_corridor,
          minmay_the_grid_triangle_9x9_checkered], layout_small_grid,
          orc_0_dummy, uniq_nergalle, uniq_urug, uniq_grum
D:12:     erik_rubicon_b, layout_rooms, hangedman_abyss_or_decor_stagger,
          uniq_nessos
D:13:     layout_cave_pools, skrybe_vaults_entry_preservation
D:14:     layout_irregular_city, serial_shops, nicolae_shop_stone, minivault_27,
          uniq_azrael
D:15:     grunt_enter_depths_magical_seal, layout_irregular_city,
          minmay_crystal_room, st_stairs_2, uniq_josephine
Lair:1:   layout_regular_city
Lair:2:   layout_regular_city, hellmonk_spider_entry_not_the_bees, st_stairs_9,
          serial_bayou_shore_b
Lair:3:   layout_regular_city, elwin_shoals_entry_stream, serial_bayou_pond_d,
          serial_bayou_shore_a, grunt_megastairs_1
Lair:4:   layout_roguey
Lair:5:   cheibrodos_lair_end_hotspot, layout_regular_city,
          nicolae_slime_entry_field_trip
Shoals:1: layout_shoals, uniq_roxanne
Shoals:2: layout_shoals, serial_shops, nicolae_shop_pleasant_corner_grove,
          uniq_mlioglotl, uniq_ilsuiw
Shoals:3: layout_shoals, serial_shops, shop, uniq_nikola
Shoals:4: shoals_end_simple, layout_shoals, shoals_ilsuiw_ice
Spider:1: layout_spider_delve, nicolae_spider_undead_wolf_pack
Spider:2: layout_spider_delve, nicolae_spider_webbed_stairs
Spider:3: layout_spider_delve, drop_trap, nicolae_spider_twisty_arc_passages
Spider:4: spider_rune_water, hellmonk_test_site
Orc:1:    layout_caves
Orc:2:    st_orc_mages, layout_diamond_mine, serial_shops,
          nicolae_lakefront_shop, shop, shop, nicolae_shop_bloodbath_and_beyond,
          nicolae_orc_rich_vein
Elf:1:    layout_geoelf_octagon, serial_shops, nicolae_shop_rolled_up,
          hangedman_elven_crosses_minicolossus, uniq_louise
Elf:2:    elven_hall_of_blades_hangedman_alternative
          [nicolae_blade_entry_diamond_columns], layout_geoelf_octagon,
          serial_shops, shop, nicolae_shop_dragon_depot
Elf:3:    minmay_elf_hall_circle, layout_loops_corners, serial_shops, shop,
          shop, shop, uniq_saint_roka, uniq_norris, uniq_donald, uniq_asterion
Vaults:1: gammafunk_ghost_split, nicolae_vaults_house_1,
          nicolae_vaults_closet_pinwheel_3, nicolae_vaults_network_quinsquares
          [nicolae_vaults_network_quincunx_subvault,
          nicolae_vaults_network_quincunx_subvault,
          nicolae_vaults_network_quincunx_subvault,
          nicolae_vaults_network_quincunx_subvault], nicolae_vaults_heist,
          nicolae_vaults_tetromino_Z_2, nicolae_vaults_house_3,
          nicolae_vaults_tetromino_T_1, layout_vaults_omnigrid, serial_shops,
          nicolae_shop_statue_plus
Vaults:2: minmay_crypt_entry_nasty_monster, grunt_vaults_funnel,
          nicolae_vaults_trapezoid_lopsided_2, grunt_vaults_focal,
          vaults_room_grunt_arrival_ludios, nicolae_vaults_tetromino_Z_1,
          nicolae_vaults_asterisk, nicolae_vaults_turnstiles, st_spiral_rooms,
          v_misc_23, vaults_mumra_hexcomb, nicolae_vaults_apartment_1,
          layout_vaults_omnibox
Vaults:3: nicolae_vaults_closet_pinwheel_1, v_misc_15, v_alt_pattern_1,
          nicolae_vaults_fighting_squares, vaults_standard_mumra_x,
          layout_vaults_ring, serial_shops,
          nicolae_shop_temple_entry_statues_fountains, uniq_aizul
Vaults:4: not_door_vault_mu, nicolae_vaults_hexular_roomagon,
          vaults_mumra_chevron, cheibrodos_frozen_isle,
          nicolae_vaults_sealed_display, nicolae_vaults_yaktaur_gun_rack,
          nicolae_vaults_house_3, vaults_room_stairs_pillars,
          hangedman_vaults_nails, layout_vaults_chaotic_city
Vaults:5
Crypt:1:  layout_chaotic_city, basic_altar, minmay_misc_feat_five,
          grunt_megastairs_4, uniq_khufu
Crypt:2:  gammafunk_dig_for_victory, layout_gridlike
Crypt:3:  david_glass_crypt, layout_misc_corridors,
          nicolae_tomb_entry_unfolded_pyramid_orthogonal
Depths:1: layout_roguey, nicolae_ashenzari_panopticon, gammafunk_ghost_grave,
          enter_trove_2, hell_entry, serial_sigils_hangedman_stare,
          pandoras_box_mu
Depths:2: minmay_tri_box, layout_small_grid, serial_shops,
          nicolae_shop_mannequins, grunt_hell_entry_dis_old, bloody_trog,
          rand_demon_pan_entry_1, infiniplex_staircase_squiggle
Depths:3: kennysheep_four_of_diamonds, layout_cave_pools, enter_ziggurat_b,
          abyss_entry_small_statue_room, lightli_too_deep, chequers_jeans,
          grunt_potential, uniq_parghit
Depths:4: evilmike_zot_entry_basic, layout_gridlike, hangedman_coc_ice_floe,
          minmay_room_of_horrors, gammafunk_ghost_arena, grunt_pan_entry_spiral,
          nicolae_custom_books, uniq_sojobo, uniq_vv
Zot:1:    grunt_deathspiral_small, layout_cathedral_of_symmetry
Zot:2:    layout_cathedral_of_symmetry, regret_index_zotdec_gossamer_gf
Zot:3:    layout_onion_interference, regret_index_zotdec_banners
Zot:4:    nicolae_zot_draconian_monastery, layout_basic, nzn_random_ring,
          uniq_josephina
Zot:5:    layout_basic, not_door_vault_due

Skill      XL: |  1  2  3  4  5  6  7  8  9 10 11 12 13 14 15 16 17 18 19 20 21 22 23 24 25 |
---------------+----------------------------------------------------------------------------+-----
Stealth        | 2 3 4 7 11 14 | 14.9
Dodging        | 4 5 7 8 10 12 14 | 14.9
Unarmed Combat | 4 5 6 9 10 11 14 | 14.9
Fighting       | 5 6 8 10 11 14 | 14.9
Hexes          | 6 10 14 | 14.9
Summonings     | 4 7 8 10 12 14 | 14.9
Spellcasting   | 3 4 5 7 8 10 11 13 14 | 14.9
Evocations     | 2 9 10 11 13 14 | 14.9
Shapeshifting  | 9 11 14 | 14.9
Translocations | 5 8 11 14 | 14.9
Ice Magic      | 4 7 11 13 | 13.7
Air Magic      | 4 6 |  6.9
Transmutations | 7 14 | 14.9
Conjurations   | 6 10 13 14 | 14.9

Action                     |  1- 3 |  4- 6 |  7- 9 | 10-12 | 13-15 | 16-18 | 19-21 | 22-24 | 25-27 || total
---------------------------+-------+-------+-------+-------+-------+-------+-------+-------+-------++-------
  Melee: Unarmed           |   145 |   132 |   392 |   395 |   949 |  1030 |  1140 |  1688 |   341 ||  6212
         Bite              |    23 |    17 |    51 |    64 |   180 |   132 |   153 |   339 |    73 ||  1032
         Punch             |       |     9 |    28 |    23 |    88 |    99 |   132 |   240 |    55 ||   674
         Maw               |       |       |       |       |   106 |    13 |       |       |       ||   119
         Headbutt          |       |       |       |       |       |       |   249 |       |       ||   249
   Cast: Summon Mana Viper |       |       |       |    78 |   211 |   204 |   169 |   156 |    17 ||   835
         Cause Fear        |       |       |       |     1 |       |     1 |       |     1 |       ||     3
         Confusing Touch   |       |       |       |       |    24 |    14 |       |       |     2 ||    40
         Passwall          |       |       |       |       |     1 |     2 |     4 |    11 |     7 ||    25
         Summon Forest     |       |       |       |       |     1 |     1 |       |       |       ||     2
         Manifold Assault  |       |       |       |       |       |    72 |    68 |    91 |    11 ||   242
         Lesser Beckoning  |       |       |       |       |       |    25 |    51 |    38 |     4 ||   118
         Blink             |       |       |       |       |       |     3 |    18 |     8 |     5 ||    34
         Vhi's Electric Ch |       |       |       |       |       |       |       |    43 |    34 ||    77
         Apportation       |       |       |       |       |       |       |       |    20 |       ||    20
         Silence           |       |       |       |       |       |       |       |     8 |       ||     8
         Ozocubu's Armour  |       |       |       |       |       |       |       |     7 |       ||     7
         Irradiate         |       |       |       |       |       |       |       |    30 |    14 ||    44
         Dispersal         |       |       |       |       |       |       |       |     1 |     6 ||     7
  Evoke: Wand              |       |       |       |     1 |    15 |    19 |    12 |    50 |    11 ||   108
         Sack of spiders   |       |       |       |       |     4 |     2 |     2 |     2 |       ||    10
         Phial of floods   |       |       |       |       |     2 |     1 |     1 |     1 |       ||     5
         Condenser vane    |       |       |       |       |     1 |     4 |     4 |     5 |     1 ||    15
         Lightning rod     |       |       |       |       |       |     2 |     6 |     4 |       ||    12
         Phantom mirror    |       |       |       |       |       |       |     3 |     4 |       ||     7
    Use: Scroll            |     2 |     1 |     9 |     3 |     9 |     6 |     9 |    11 |     9 ||    59
         Potion            |       |     2 |     7 |     4 |     5 |     3 |     4 |     3 |    18 ||    46
   Stab: Sleeping          |    10 |     2 |     9 |    17 |    21 |    11 |    39 |    14 |     7 ||   130
         Distracted        |       |     2 |     3 |     3 |    22 |    22 |    33 |    38 |     6 ||   129
         Confused          |       |       |     1 |       |    19 |    11 |     4 |     2 |     2 ||    39
         Invisible         |       |       |       |       |    12 |       |     6 |     7 |     8 ||    33
         Paralysed         |       |       |       |       |     1 |       |       |       |       ||     1
         Held in net/web   |       |       |       |       |     1 |       |       |     2 |       ||     3
         Petrifying        |       |       |       |       |       |     1 |       |       |       ||     1
         Betrayed ally     |       |       |       |       |       |       |       |     1 |       ||     1
 Armour: Skin              |    31 |    37 |   125 |   113 |   203 |   498 |   443 |   681 |   237 ||  2368
  Dodge: Dodged            |    79 |    93 |   348 |   384 |  1021 |  1911 |  1778 |  2378 |   624 ||  8616
  Block: Other             |       |       |    21 |    76 |   173 |   261 |   271 |   282 |       ||  1084
         Reflection        |       |       |     2 |     2 |    18 |    12 |    19 |     2 |       ||    55
   Form: Maw               |       |       |       |       |     1 |       |       |       |       ||     1
         Statue            |       |       |       |       |       |     1 |       |       |       ||     1

Table legend: (Time is in decaauts)
 A = Elapsed time spent in this place.
 B = Non-inter-level travel time spent in this place.
 C = Inter-level travel time spent in this place.
 D = Time resting spent in this place.
 E = Time spent auto-exploring this place.
 F = Levels seen in this place.
 G = Mean time per level.
                   A        B        C        D        E       F      G
               +--------+--------+--------+--------+--------+-----+--------+
         Total |  92993 |  85438 |   7555 |  19877 |  44546 |  52 | 1788.3 |
       Dungeon |  20565 |  17906 |   2659 |   3121 |   9930 |  15 | 1371.0 |
          Lair |   5409 |   4804 |    605 |    360 |   3495 |   5 | 1081.8 |
        Shoals |   6556 |   6108 |    448 |   1696 |   2641 |   4 | 1639.0 |
   Spider Nest |   7109 |   6797 |    312 |   1311 |   3654 |   4 | 1777.2 |
  Orcish Mines |   2249 |   1797 |    452 |    299 |    936 |   2 | 1124.5 |
   Elven Halls |   8942 |   8517 |    425 |   2515 |   4255 |   3 | 2980.7 |
        Vaults |  16553 |  15415 |   1138 |   3981 |   8155 |   5 | 3310.6 |
         Crypt |   7379 |   7071 |    308 |   2492 |   2852 |   3 | 2459.7 |
        Depths |  10840 |   9866 |    974 |   3147 |   4704 |   4 | 2710.0 |
           Zot |   6669 |   6439 |    230 |    925 |   3909 |   5 | 1333.8 |
         Trove |    124 |    124 |      0 |      0 |      0 |   1 |  124.0 |
       Ossuary |    594 |    594 |      0 |     27 |     13 |   1 |  594.0 |
               +--------+--------+--------+--------+--------+-----+--------+

Top non-repeatable levels by time:
Vaults:5: 5278 daAuts
   Elf:3: 4956 daAuts
Depths:2: 3861 daAuts
 Crypt:2: 3674 daAuts
Vaults:4: 3447 daAuts
   Zot:1: 3346 daAuts
Vaults:2: 3330 daAuts
Vaults:1: 2791 daAuts
Spider:4: 2767 daAuts
Shoals:4: 2731 daAuts
Depths:4: 2605 daAuts
   Zot:4: 2501 daAuts
 Crypt:3: 2285 daAuts
Depths:3: 2212 daAuts
Depths:1: 2160 daAuts

Table legend:
 A = Kills in this place as a percentage of kills in the entire game.
 B = Kills by you in this place as a percentage of kills by you in the entire game.
 C = Kills by friends in this place as a percentage of kills by friends in the entire game.
 D = Other kills in this place as a percentage of other kills in the entire game.
 E = Experience gained in this place as a percentage of experience gained in the entire game.
 F = Experience gained in this place divided by the number of levels of this place that you have seen.
                   A       B       C       D       E      F
               +-------+-------+-------+-------+-------+----------------------
         Total | 100.0 | 100.0 | 100.0 | 100.0 | 100.0 | 23826.9
       Dungeon |  19.2 |  17.8 |  24.0 |   5.3 |   7.7 | 6321.3
          Lair |   5.7 |   3.7 |  12.3 |   0.0 |   2.5 | 6271.4
        Shoals |   7.3 |   6.8 |   8.8 |   5.3 |   6.7 | 20714.8
   Spider Nest |  10.6 |  10.2 |  11.7 |  15.8 |   7.7 | 23974.5
  Orcish Mines |   5.2 |   2.9 |  12.9 |   0.0 |   0.9 | 5636.5
   Elven Halls |  10.0 |  10.3 |   8.4 |  21.1 |  12.0 | 49578.3
        Vaults |  16.6 |  19.3 |   8.6 |   5.3 |  24.7 | 61291.0
         Crypt |   8.0 |   8.8 |   5.5 |   5.3 |  11.0 | 45372.3
        Depths |   9.0 |  10.5 |   3.9 |  21.1 |  13.4 | 41460.0
           Zot |   7.0 |   8.0 |   3.1 |  21.1 |  13.3 | 32925.6
       Ossuary |   1.4 |   1.6 |   0.8 |   0.0 |   0.1 | 1015.0
               +-------+-------+-------+-------+-------+----------------------
